 Dungeon Crawl Stone Soup version 0.31-a0-431-g88bdf31460 (webtiles) character file.

Game seed: 216635462223411700

14305081 GloriousHammer the Conqueror (level 27, 419/419 HPs)
             Began as an Ogre Warper on July 28, 2023.
             Was the Champion of the Shining One.
             Escaped with the Orb
             ... and 15 runes on July 31, 2023!
             The game lasted 08:42:51 (111901 turns).

GloriousHammer the Conqueror (Ogre Warper)        Turns: 111901, Time: 08:42:52

Health: 419/419    AC: 41    Str: 33    XL:     27
Magic:  54/54      EV: 22    Int: 25    God:    the Shining One [******]
Gold:   9724       SH:  0    Dex: 10    Spells: 13/80 levels left

rFire   + + .        F - +9 giant spiked club (holy)
rCold   + + .        (shield currently unavailable)
rNeg    + + +        (body armour currently unavailable)
rPois   ∞            R - +0 hat of the Robin {Str+2 Int+5}
rElec   +            m - +2 cloak {Will+}
rCorr   .            (gloves unavailable)
SInv    .            (boots unavailable)
Will    +++..        v - amulet "Duhextuj" {RegenMP Harm +Inv Str+4 Int-4}
Stlth   +            f - ring "Cysiasi" {rF+ rC++ Int+4 Stlth-}
HPRegen 1.69/turn    E - ring "Pyafutel" {rF+ rN+ EV+5}
MPRegen 0.74/turn

%: harm (+30% outgoing, +20% incoming), clarity
@: statue-form, glowing, studying 6 skills, very slow
A: slow and powerful, torment resistance 1, boosted hp, large, unfitting armour,
(tough skin 1), talons 1, thin skeletal structure 1, clarity, sense surroundings
1, regeneration 1, sturdy frame 1
0: Orb of Zot
}: 15/15 runes: serpentine, barnacled, slimy, silver, golden, iron, obsidian,
icy, bone, abyssal, demonic, glowing, magical, fiery, dark
a: Begin Untransformation, Renounce Religion, Evoke Invisibility, Divine Shield,
Cleansing Flame, Summon Divine Warrior


You escaped.
You worshipped the Shining One.
The Shining One was exalted by your worship.
You were a living statue of rough stone.
You visited 17 branches of the dungeon, and saw 86 of its levels.
You visited Pandemonium 1 time, and saw 26 of its levels.
You visited the Abyss 3 times.
You completed 1 ziggurat, and saw 27 of its levels.
You also visited: Ice Cave and Desolation.

You collected 21885 gold pieces.
You spent 12161 gold pieces at shops.

Inventory:

Hand Weapons
 F - a +9 giant spiked club of holy wrath (weapon)
 Q - the +6 giant club of Mana {heavy, rPois Str+4 Stlth+}
   (Okawaru gifted it to you on level 3 of the Lair of Beasts)

   Str:       It affects your strength (+4).
   rPois:     It protects you from poison.
   Stlth:     It makes you more stealthy.
Missiles
 j - 4 throwing nets
 l - 29 javelins
 H - 20 silver javelins
 I - 7 datura-tipped darts
 Y - 164 large rocks (quivered)
Armour
 m - a +2 cloak of willpower (worn)
 y - the +2 cloak of Paranoia {rF+ rN+}
   (You found it in Pandemonium)

   rF:        It protects you from fire.
   rN:        It protects you from negative energy.
 R - the +0 hat of the Robin (worn) {Str+2 Int+5}
   (Okawaru gifted it to you on level 4 of the Snake Pit)

   Str:       It affects your strength (+2).
   Int:       It affects your intelligence (+5).
 S - the +0 mask of the Dragon {Will+ Slay+3 SInv}
   (You found it on level 25 of a ziggurat)

   Slay:      It affects your accuracy & damage with ranged weapons and melee
   (+3).
   SInv:      It lets you see invisible.
   Will:      It increases your willpower.
Jewellery
 f - the ring "Cysiasi" (left fist) {rF+ rC++ Int+4 Stlth-}
   (You bought it in a shop in Pandemonium)

   [ring of protection from fire]

   Int:       It affects your intelligence (+4).
   rF:        It protects you from fire.
   rC:        It greatly protects you from cold.
   Stlth:     It makes you less stealthy.
 i - the ring "Tefait" {rPois rCorr Str+6 Slay+5 Stlth+}
   (You found it on level 5 of the Vaults)

   [ring of strength]

   Str:       It affects your strength (+6).
   Slay:      It affects your accuracy & damage with ranged weapons and melee
   (+5).
   rPois:     It protects you from poison.
   rCorr:     It protects you from acid and corrosion.
   Stlth:     It makes you more stealthy.
 v - the amulet "Duhextuj" (around neck) {RegenMP Harm +Inv Str+4 Int-4}
   (You found it in Pandemonium)

   [amulet of magic regeneration]

   It increases your rate of magic regeneration.
   Str:       It affects your strength (+4).
   Int:       It affects your intelligence (-4).
   +Inv:      It lets you turn invisible.
   Harm:      It increases damage dealt and taken.
 w - the ring "Wibav" {Wiz Dex+4}
   (You found it on level 7 of Tartarus)

   [ring of wizardry]

   It improves your spell success rate.
   Dex:       It affects your dexterity (+4).
 C - the ring of Gitt {rPois rC++ Will+ MP+9 Slay+2}
   (You found it on level 1 of the Depths)

   [ring of poison resistance]

   Slay:      It affects your accuracy & damage with ranged weapons and melee
   (+2).
   rC:        It greatly protects you from cold.
   rPois:     It protects you from poison.
   MP:        It affects your magic capacity (+9).
   Will:      It increases your willpower.
 E - the ring "Pyafutel" (right fist) {rF+ rN+ EV+5}
   (You found it on level 3 of the Elven Halls)

   [ring of evasion]

   EV:        It affects your evasion (+5).
   rF:        It protects you from fire.
   rN:        It protects you from negative energy.
 P - the amulet of Coidas {RegenMP Dex+7}
   (You found it on level 16 of a ziggurat)

   [amulet of magic regeneration]

   It increases your rate of magic regeneration.
   Dex:       It affects your dexterity (+7).
 W - the ring of the Tortoise {AC+8}
   (You found it on level 9 of a ziggurat)

   [ring of protection]

   AC:        It affects your AC (+8).
Talismans
 b - a granite talisman (active)
Wands
 a - a wand of polymorph (51)
 s - a wand of digging (33)
 A - a wand of iceblast (110)
 D - a wand of mindburst (119)
 O - a wand of light (105)
Scrolls
 d - 4 scrolls of fear
 o - 17 scrolls of silence
 r - a scroll of enchant weapon
 t - 45 scrolls of teleportation
 B - 20 scrolls of fog
 G - 14 scrolls of immolation
 K - 8 scrolls of blinking
 L - 7 scrolls of revelation
 M - 2 scrolls of summoning
Potions
 e - 6 potions of cancellation
 g - 27 potions of curing
 k - 19 potions of ambrosia
 n - 8 potions of haste
 q - 5 potions of magic
 x - 18 potions of lignification
 z - 21 potions of mutation
 J - 18 potions of enlightenment
 N - 7 potions of heal wounds
 U - 5 potions of resistance
 X - 5 potions of might
 Z - 7 potions of brilliance
Miscellaneous
 c - a phial of floods
 h - a box of beasts
 p - 2 +1 figurines of a ziggurat
 u - a lightning rod (4/4)
 T - a phantom mirror
 V - a condenser vane


   Skills:
 O Level 27 Fighting
 - Level 24.0 Maces & Flails
 - Level 26.0 Throwing
 - Level 4.0 Armour
 + Level 21.2 Dodging
 - Level 4.0 Shields
 O Level 27 Spellcasting
 - Level 12.4 Conjurations
 - Level 5.0 Hexes
 - Level 2.0 Necromancy
 O Level 27 Translocations
 - Level 13.1 Transmutations
 + Level 23.8 Fire Magic
 - Level 3.0 Air Magic
 + Level 25.2 Invocations
 + Level 22.1 Evocations
 - Level 23.0 Shapeshifting


You had 13 spell levels left.
You knew the following spells:

 Your Spells              Type           Power      Damage    Failure   Level
a - Manifold Assault      Tloc           100%       N/A       0%          4
b - Vhi's Electric Charg  Tloc/Air       100%       N/A       0%          3
c - Wereblood             Tmut           78%        N/A       0%          2
d - Passage of Golubria   Tloc           100%       N/A       0%          4
e - Lesser Beckoning      Tloc           100%       N/A       0%          2
f - Gell's Gravitas       Tloc           100%       N/A       0%          3
g - Passwall              Tmut/Erth      50%        N/A       1%          2
h - Dispersal             Tloc           53%        N/A       0%          6
i - Fulminant Prism       Conj/Hex       33%        3d15      1%          4
j - Blink                 Tloc           100%       N/A       0%          2
k - Disjunction           Tloc           53%        N/A       1%          8
l - Ignition              Fire           50%        3d14      1%          8
m - Yara's Violent Unrav  Hex/Tmut       34%        3d14      1%          5
n - Fire Storm            Conj/Fire      45%        8d11      45%         9
o - Apportation           Tloc           100%       N/A       0%          1
p - Leda's Liquefaction   Hex/Erth       23%        N/A       3%          4

Your spell library contained the following spells:

 Spells                   Type           Power      Damage    Failure   Level
 Magic Dart               Conj           100%       1d8       0%          1
 Momentum Strike          Conj/Tloc      100%       3d10      0%          2
 Scorch                   Fire           100%       2d9       0%          2
 Ignite Poison            Fire/Tmut/Pois 77%        N/A       0%          3
 Inner Flame              Hex/Fire       82%        N/A       0%          3
 Teleport Other           Tloc           100%       N/A       0%          3
 Volatile Blastmotes      Fire/Tloc      100%       2d18      0%          3
 Flame Wave               Conj/Fire      90%        2d19      0%          4
 Iskenderun's Mystic Bla  Conj/Tloc      93%        2d18      0%          4
 Sticky Flame             Conj/Fire      90%        2d10      0%          4
 Fireball                 Conj/Fire      45%        3d18      0%          5
 Freeze                   Ice            100%       1d10      1%          1
 Kiss of Death            Conj/Necr      100%       2d13      1%          1
 Necrotise                Necr           100%       1d9       1%          1
 Sandblast                Erth           66%        2d15      1%          1
 Shock                    Conj/Air       100%       1d9       1%          1
 Slow                     Hex            100%       N/A       1%          1
 Sting                    Tmut/Pois      100%       1d8       1%          1
 Summon Small Mammal      Summ           100%       N/A       1%          1
 Call Imp                 Summ           66%        N/A       1%          2
 Cigotuvi's Dreadful Rot  Necr/Pois/Air  84%        N/A       1%          2
 Ensorcelled Hibernation  Hex/Ice        92%        N/A       1%          2
 Poisonous Vapours        Pois/Air       82%        N/A       1%          2
 Static Discharge         Conj/Air       100%       2-7/arc   1%          2
 Confusing Touch          Hex            56%        N/A       1%          3
 Dazzling Flash           Conj/Hex       100%       N/A       1%          3
 Hailstorm                Conj/Ice       59%        3d13      1%          3
 Mephitic Cloud           Conj/Pois/Air  56%        N/A       1%          3
 Stone Arrow              Conj/Erth      100%       3d13      1%          3
 Summon Guardian Golem    Hex/Summ       46%        N/A       1%          3
 Swiftness                Air            48%        N/A       1%          3
 Tukima's Dance           Hex            56%        N/A       1%          3
 Vampiric Draining        Necr           43%        2d9       1%          3
 Anguish                  Hex/Necr       25%        N/A       1%          4
 Cause Fear               Hex            28%        N/A       1%          4
 Petrify                  Tmut/Erth      61%        N/A       1%          4
 Alistair's Intoxication  Tmut/Pois      40%        N/A       1%          5
 Arcjolt                  Conj/Air       32%        1d42      1%          5
 Irradiate                Conj/Tmut      39%        3d24      1%          5
 Iskenderun's Battlesphe  Conj           77%        2d13      1%          5
 Summon Forest            Summ/Tloc      39%        N/A       1%          5
 Starburst                Conj/Fire      45%        6d13      1%          6
 Call Canine Familiar     Summ           33%        N/A       2%          3
 Frozen Ramparts          Ice            66%        1d10      2%          3
 Ozocubu's Armour         Ice            33%        N/A       2%          3
 Airstrike                Air            24%        2d(4-20)  2%          4
 Malign Gateway           Summ/Tloc      39%        N/A       2%          7
 Dispel Undead            Necr           43%        3d17      3%          4
 Freezing Cloud           Conj/Ice/Air   28%        6-21      3%          5
 Summon Lightning Spire   Summ/Air       41%        N/A       4%          4
 Silence                  Hex/Air        26%        N/A       4%          5
 Orb of Destruction       Conj           38%        9d11      4%          7
 Conjure Ball Lightning   Conj/Air       32%        3x3d10    5%          6
 Animate Armour           Summ/Erth      66%        N/A       9%          4
 Olgreb's Toxic Radiance  Pois           33%        N/A       9%          4
 Summon Ice Beast         Ice/Summ       33%        N/A       9%          4
 Metabolic Englaciation   Hex/Ice        23%        N/A       9%          5
 Summon Mana Viper        Hex/Summ       46%        N/A       9%          5
 Eringya's Noxious Bog    Tmut/Pois      30%        4d6       9%          6
 Agony                    Necr           43%        N/A       11%         5
 Leda's Unmaking          Conj/Erth      29%        9d5       11%         6
 Borgnjor's Vile Clutch   Necr/Erth      19%        N/A       16%         5
 Lee's Rapid Deconstruct  Erth           16%        3d10*     24%         5
 Spellforged Servitor     Conj/Summ      29%        N/A       50%         7
 Simulacrum               Ice/Necr       19%        N/A       65%         6
 Enfeeble                 Hex            28%        N/A       67%         7
 Summon Cactus Giant      Summ           16%        N/A       78%         6
 Haunt                    Necr/Summ      19%        N/A       99%         7
 Lehudib's Crystal Spear  Conj/Erth      29%        10d8      99%         8
 Ozocubu's Refrigeration  Ice            16%        4d11      100%        7
 Summon Hydra             Summ           16%        N/A       100%        7
 Borgnjor's Revivificati  Necr           21%        N/A       100%        8
 Discord                  Hex            28%        N/A       100%        8
 Maxwell's Capacitive Co  Air            24%        ∞         100%        8
 Summon Horrible Things   Summ           16%        N/A       100%        8
 Death's Door             Necr           21%        N/A       100%        9
 Dragon's Call            Summ           16%        N/A       100%        9
 Polar Vortex             Ice            16%        12d2*     100%        9
 Sublimation of Blood     Necr           Unusable   N/A       N/A         2

Dungeon Overview and Level Annotations

Branches:
Dungeon (15/15)            Temple (0/1) D:7            Lair (5/5) D:8
 Shoals (4/4) Lair:3        Snake (4/4) Lair:3        Slime (5/5) Lair:4
    Orc (2/2) D:11            Elf (3/3) Orc:2        Vaults (5/5) D:14
  Crypt (3/3) Vaults:3       Tomb (3/3) Crypt:3      Depths (4/4) D:15
   Hell (visited)             Dis (7/7) Hell            Geh (7/7) Hell
    Coc (7/7) Hell            Tar (7/7) Hell            Zot (5/5) Depths:4
  IceCv (visited)         Desolation (visited)

Altars:
Ashenzari
Cheibriados
Elyvilon
Fedhas
Gozag
Hepliaklqana
Kikubaaqudgha
Makhleb
Okawaru
Qazlal
Ru
Sif Muna
Trog
Uskayaw
Wu Jian
Xom
Yredelemnul
The Shining One
Jiyva

Shops:
D:7 [   Orc:2 [=*[!   Elf:2 :   Shoals:3 *   Snake:1 *   Snake:2 *
Vaults:1 =?   Vaults:2 (([   Vaults:4 !   Depths:1 [   Depths:4 ?

Portals:
Hell: Depths:1 Depths:2 Depths:3 Depths:4
Abyss: D:14 Depths:1 Depths:3
Pandemonium: Depths:2

Annotations:
D:1 exclusion: downstairs
D:6 exclusion: 3 downstairs


Innate Abilities, Weirdness & Mutations

You are a living statue of rough stone.
Your actions are slow, but your melee attacks are powerful.
You are resistant to unholy torment.
Your maximum health is greatly increased.
Your equipment is partially melded.
You are too large for most types of armour.
You are immune to poison.
((You have tough skin. (AC +1)))
You have sharp toenails.
You have a somewhat thin skeletal structure. (Dex +2, Stealth+)
You possess an exceptional clarity of mind.
You passively map a small area around you.
Your natural rate of healing is unusually fast.
Your movements are slightly less encumbered by armour. (ER -2)


Message History

There is a stone staircase leading down here.
A Hell Sentinel comes into view.
The Hell Sentinel gestures at you.
The sphere of damnation explodes!
The damnation engulfs you!!
Casting: Manifold Assault (safe; 0% risk of failure)
Confirm with . or Enter, or press ? or * to list all spells.
Space momentarily warps into an impossible shape!
You completely miss the Hell Sentinel.
The Hell Sentinel hits you but does no damage.
The Hell Sentinel hits you!
You spit the Hell Sentinel like a pig!!!
The Hell Sentinel convulses!
You claw the Hell Sentinel, but do no damage.
The Hell Sentinel is heavily wounded.
The Hell Sentinel hits you!
The Hell Sentinel hits you but does no damage.
You puncture the Hell Sentinel!
The Hell Sentinel convulses.
You claw the Hell Sentinel, but do no damage.
The Hell Sentinel is heavily wounded.
The Hell Sentinel hits you but does no damage.
The Hell Sentinel misses you.
You thump the Hell Sentinel!
The Hell Sentinel convulses!!
You claw the Hell Sentinel, but do no damage.
The Hell Sentinel is almost dead.
The Hell Sentinel hits you but does no damage.
The Hell Sentinel barely misses you.
The Hell Sentinel attacks as you move away!
The Hell Sentinel closely misses you. The Hell Sentinel misses you.
The Hell Sentinel attacks as you move away!
The Hell Sentinel barely misses you. The Hell Sentinel closely misses you.
The Hell Sentinel barely misses you. The Hell Sentinel hits you.
You stick the Hell Sentinel like a pincushion!!!!
You kill the Hell Sentinel!
The Shining One accepts your kill.
You feel better.
There is a stone staircase leading up here.
You climb upwards.
There is a stone staircase leading down here.
There is a stone staircase leading up here.
You climb upwards.
Level annotation: exclusion: downstairs
There is a stone staircase leading down here.
An Ice Fiend comes into view.
Casting: Manifold Assault (safe; 0% risk of failure)
Confirm with . or Enter, or press ? or * to list all spells.
Space momentarily warps into an impossible shape!
You spit the Ice Fiend like a pig!!!
The Ice Fiend convulses!!
You kill the Ice Fiend!
The Shining One accepts your kill.
You feel your power returning.
(D) Dungeon (T) Temple (L) Lair (A) Shoals (P) Snake Pit (M) Slime Pits (O) Orcish Mines (E) Elven Halls (V) Vaults (C) Crypt (W) Tomb (U) Depths (H) Hell (I) Dis (G) Gehenna (X) Cocytus (Y) Tartarus (Z) Zot
Where to? (Enter - D:1 @ (x,y), ? - help)
Okay, then.
There is an open door here.
A neqoxec comes into view.
The neqoxec shouts!
The neqoxec gestures at you.
Something tries to feed on your intellect!
Casting: Manifold Assault (safe; 0% risk of failure)
Confirm with . or Enter, or press ? or * to list all spells.
Space momentarily warps into an impossible shape!
You hit the neqoxec.
The neqoxec convulses.
The neqoxec gestures at you.
Something tries to feed on your intellect! 3 golden eyes come into view.
Casting: Manifold Assault (safe; 0% risk of failure)
Confirm with . or Enter, or press ? or * to list all spells.
Space momentarily warps into an impossible shape!
You bludgeon the golden eye!!
You kill the golden eye!
You stick the golden eye like a pincushion!!!
You kill the golden eye!
You completely miss the neqoxec. You closely miss the golden eye.
Casting: Manifold Assault (safe; 0% risk of failure)
Confirm with . or Enter, or press ? or * to list all spells.
Space momentarily warps into an impossible shape!
You crush the neqoxec like a grape!!!!
You kill the neqoxec!
The Shining One accepts your kill.
You feel your power returning.
You bludgeon the golden eye!!
You kill the golden eye!
Magic restored.
An orange demon comes into view.
Casting: Manifold Assault (safe; 0% risk of failure)
Confirm with . or Enter, or press ? or * to list all spells.
Space momentarily warps into an impossible shape!
You impale the orange demon!!
The orange demon convulses!
Casting: Manifold Assault (safe; 0% risk of failure)
Confirm with . or Enter, or press ? or * to list all spells.
Space momentarily warps into an impossible shape!
You skewer the orange demon like a kebab!!!
You kill the orange demon!
The Shining One accepts your kill.
You feel your power returning.
There is a staircase leading out of the dungeon here.
You have escaped!

...#
##..#####....##.###.##.#.#.
...# #..##
#....##.....##.#.#. ..##
#.#######..###########.#.#.
..# #.#P.............P#
#.#.#. ###
#.#~P...........P≈# #.#.#.
### #.#≈~P.........P≈~#
#.#... ..#
###.#≈~~P.......P~≈≈#
#.#.##
..###...#≈≈≈~P.....P~~≈≈#
##...#
........#≈≈≈~~P.8.P~~≈≈≈#
#....##
........#≈≈~≈P.....P~~≈≈#
#.#....
........#≈≈~P.......P≈~≈#
#...##.
........#~~P.........P~~#
###.##.
........#~P...........P~#
#.##.
).......#P.............P##
#.##.
.>[.....########.###.....#
#)##. ##......#...#
#...#....#.####.##.
#......#.#.#
#.#.#..#.#....#....


There were no monsters in sight!

Vanquished Creatures
  Cerebov (Pan)
  Antaeus (Coc:7)
  Asmodeus (Geh:7)
  the Royal Jelly (Slime:5)
  Gloorx Vloq (Pan)
  Ereshkigal (Tar:7)
  Ignacio (Pan)
  Lom Lobon (Pan)
  Mnoleg (Pan)
  the Serpent of Hell (Tar:7)
  15 dread liches
  Khufu (Crypt:3)
  9 ancient liches
  Dispater (Dis:7)
  4 orbs of fire
  3 juggernauts (Dis:7)
  The ghost of juan097 the Slayer, a legendary OpSh of Ru (Zig:10)
  41 royal mummies
  Frederick (Vaults:4)
  33 pandemonium lords
  16 Killer Klowns
  9 shard shrikes
  Margery (Depths:3)
  Geryon (Hell)
  Vashnia (Snake:4)
  4 curse toes
  24 caustic shrikes
  21 golden dragons
  A caustic shrike (shapeshifter) (Zig:26)
  Jory (Crypt:1)
  Nikola (Elf:3)
  36 bone dragons
  10 profane servitors
  3 electric golems
  10 iron giants
  31 Brimstone Fiends
  22 Tzitzimimeh
  21 doom hounds
  14 hellephants
  17 tainted leviathans
  A shard shrike zombie (Tomb:3)
  46 Ice Fiends
  17 tentacled monstrosities
  43 Hell Sentinels
  15 deep elf blademasters
  A spectral shard shrike (Tar:3)
  The ghost of Rinoumap the Peltast, an adept TrCK of Ru (Vaults:1)
  6 liches
  29 Orb Guardians
  14 searing wretches
  26 titans
  A kraken (Shoals:4)
  A quicksilver dragon (shapeshifter) (Zig:26)
  15 deep elf master archers
  9 quicksilver dragons
  29 acid blobs
  54 ancient champions
  17 tentacled starspawn
  38 Executioners
  An eldritch tentacle (Zig:26)
  Polyphemus (Shoals:4)
  5 death cobs
  7 tengu reavers
  A sphinx (shapeshifter) (Zig:26)
  14 sphinxes
  11 shadow dragons
  10 draconian monks
  Ilsuiw (Shoals:4)
  A thorn hunter (Abyss:3)
  24 azure jellies
  2 shadow dragons (shapeshifter) (Zig:26)
  21 storm dragons
  An azure jelly (shapeshifter) (Zig:26)
  5 draconian knights
  28 rockslimes
  A fenstrider witch (Zig:19)
  7 narguns
  A daeva (Zig:21)
  2 fire giants (shapeshifter)
  11 deep elf sorcerers
  27 frost giants
  11 revenants
  8 nagarajas (Snake:4)
  13 iron dragons
  25 demonspawn warmongers
  6 draconian scorchers
  27 fire giants
  A juggernaut zombie (Zig:24)
  26 vault wardens
  A spectral caustic shrike (Tar:5)
  3 ghost moths
  2 spectral juggernauts
  The ghost of randomguy2701 the Severer, a journeyman MiFi of Ashenzari (Lair:5)
  28 cacodemons
  7 draconian annihilators
  70 balrugs
  2 angels
  12 quicksilver elementals
  The ghost of relicbr the Convoker, an adept TeAE of Zin (Snake:3)
  3 shard shrike simulacra (Coc:7)
  15 curse skulls
  5 draconian shifters
  6 orc warlords
  21 demonspawn blood saints
  2 spriggan defenders (Depths:3)
  A stone giant (shapeshifter) (Zig:26)
  32 war gargoyles
  6 ironbound thunderhulks
  11 formless jellyfish
  A caustic shrike skeleton (Tomb:3)
  38 reapers
  18 quicksilver oozes
  16 vampire knights
  5 ghouls
  16 ironbound preservers
  5 deep elf elementalists (Elf:3)
  3 draconian stormcallers
  An ophan (Zig:21)
  20 stone giants
  18 demonspawn corrupters
  10 red draconians
  A halazid warlock (Desolation)
  A juggernaut skeleton (Depths:3)
  47 very ugly things
  8 black draconians
  13 demonspawn black suns
  17 green draconians
  An eleionoma (shapeshifter) (Zig:26)
  21 deep elf demonologists
  28 lorocyprocas
  6 spark wasps
  4 bennus
  5 eleionomae
  6 white draconians
  7 dire elephants
  14 yellow draconians
  Azrael (Orc:2)
  15 elemental wellsprings
  17 deep elf annihilators
  16 wendigos
  A minotaur (shapeshifter) (Vaults:5)
  48 blizzard demons
  A spectral quicksilver dragon (Tar:7)
  14 deep elf death magi
  11 purple draconians
  3 bunyips
  21 eidola
  12 putrid mouths
  23 iron golems
  52 green deaths
  Snorg (Lair:4)
  Josephine (D:10)
  9 crystal guardians
  8 merfolk javelineers
  The ghost of Maxmaps the Bludgeoner, a journeyman OgMo of the Shining One (D:10)
  13 ettins
  25 mummy priests
  2 spectral spriggans
  6 shambling mangroves
  21 deep elf high priests
  A spectral golden dragon (Tar:4)
  14 jiangshi
  22 yaktaur captains
  24 great orbs of eyes
  35 vault guards
  An entropy weaver (Vaults:1)
  7 merfolk impalers
  4 fire dragons
  14 ragged hierophants (Desolation)
  2 spriggan zombies
  15 salamander tyrants
  4 ogre magi
  12 rakshasas
  3 catoblepae (shapeshifter) (Zig:26)
  3 servants of whispers (Desolation)
  9 caustic shrike simulacra
  5 spriggan air magi
  Fannar (D:12)
  9 ice dragons
  The ghost of pokeman the Eclecticist, a journeyman DEHW of Vehumet (D:13)
  23 peacekeepers
  11 juggernaut simulacra
  6 spriggan skeletons
  13 hydras
  A catoblepas (Shoals:4)
  An anaconda (shapeshifter) (Zig:26)
  4 ghost crabs
  9 ironbound frosthearts
  2 alligator snapping turtles (Shoals:1)
  11 stokers
  14 anacondas
  3 death knights
  2 merfolk avatars
  A spectral stone giant (Tar:1)
  4 boulder beetles
  23 hell beasts
  2 alligators (Zig:23)
  8 two-headed ogres
  10 centaur warriors
  3 merfolk aquamancers (Shoals:4)
  20 naga warriors
  48 death scarabs
  7 death yaks
  2 satyrs (Abyss:3)
  18 vampire magi
  Urug (D:11)
  35 demonic crawlers
  38 hell hogs
  A titan zombie (Zig:24)
  49 dancing weapons
  6 deep troll shamans
  9 shock serpents
  2 shock serpents (shapeshifter)
  20 thrashing horrors
  6 spriggan berserkers
  7 crystal echidnas
  17 naga sharpshooters
  7 tengu warriors
  2 titan skeletons
  38 deep elf knights
  19 hell knights
  3 deep troll earth magi
  4 orc high priests
  2 spectral dire elephants
  188 sun demons
  41 shadow wraiths
  A storm dragon zombie (Crypt:2)
  Sonja (Lair:1)
  8 iron trolls
  33 skeletal warriors
  14 wretched stars
  8 death drakes
  A spatial maelstrom (Zig:6)
  A golden dragon zombie (Zig:24)
  7 skysharks
  74 soul eaters
  A spectral anaconda (Tar:1)
  42 sixfirhies
  5 goliath frogs
  6 salamander mystics
  56 deep trolls
  14 sea snakes
  34 shadow demons
  2 spriggan druids
  5 naga ritualists
  12 glowing orange brains
  A deep troll (shapeshifter) (D:12)
  An anaconda zombie (Tomb:2)
  2 spectral iron dragons (Tar:4)
  6 quicksilver dragon simulacra
  35 deep elf archers
  A lindwurm (shapeshifter) (Vaults:5)
  4 bog bodies
  A fenstrider witch simulacrum (Coc:2)
  An obsidian statue (IceCv)
  18 wizards
  13 necromancers
  13 orc knights
  25 ironbound convokers
  10 lindwurms
  An orb spider (Zig:13)
  11 spriggan simulacra
  14 harpies
  15 swamp dragons
  15 flayed ghosts
  18 shining eyes
  50 deep elf zephyrmancers
  2 sphinx zombies
  A golden dragon skeleton (Zig:24)
  57 deep elf pyromancers
  6 mana vipers
  A mana viper (shapeshifter) (Zig:26)
  15 phantasmal warriors
  2 iron dragon zombies
  14 fauns
  15 manticores
  6 worldbinders
  11 orc sorcerers
  9 cyclopes
  50 ugly things
  A stone giant zombie (Depths:1)
  3 oklob plants (Lair:4)
  12 will-o-the-wisps
  2 cyclopes (shapeshifter)
  110 large abominations
  26 moths of wrath
  A spectral alligator snapping turtle (Tar:1)
  4 shadow dragon skeletons
  A spectral centaur (Crypt:3)
  21 elephants
  A frost giant skeleton (Depths:1)
  19 rust devils
  16 salamanders
  39 black mambas
  Joseph (Lair:1)
  9 guardian serpents
  12 apocalypse crabs
  A dire elephant zombie (Crypt:1)
  A naga zombie (Crypt:2)
  2 titan simulacra
  A black mamba (shapeshifter) (Zig:9)
  9 ice statues
  An iron dragon skeleton (Crypt:2)
  A storm dragon simulacrum (Zig:24)
  A gargoyle (D:12)
  8 cane toads
  11 naga magi
  5 merfolk sirens
  6 water nymphs
  7 eyes of devastation
  34 yaktaurs
  107 smoke demons
  An unseen horror (shapeshifter) (D:15)
  2 torpor snails (shapeshifter)
  A cane toad (shapeshifter) (Abyss:3)
  A torpor snail (Lair:1)
  11 molten gargoyles
  43 hellions
  20 vault sentinels
  A naga skeleton (Crypt:2)
  3 kobold demonologists (Pan)
  2 unseen horrors
  A rime drake (shapeshifter) (Depths:2)
  A centaur skeleton (Crypt:3)
  A black draconian zombie (Crypt:1)
  A dire elephant skeleton (Tomb:1)
  11 komodo dragons
  4 anaconda simulacra
  18 efreet
  2 golden dragon simulacra
  39 orange demons
  7 tengu conjurers
  7 rime drakes
  An iron troll zombie (Crypt:2)
  4 spectral harpies
  4 spectral nagas
  37 tormentors
  9 freezing wraiths
  13 ancient zymes
  A bunyip simulacrum (Coc:2)
  63 guardian mummies
  4 iron giant simulacra (Coc:7)
  A harpy zombie (Tomb:2)
  14 red devils
  An iron troll skeleton (Crypt:1)
  A merfolk (shapeshifter) (Vaults:5)
  22 ice devils
  A queen bee (Lair:2)
  3 tyrant leeches
  2 bloated husks (Zig:23)
  2 silent spectres
  10 wind drakes
  2 trolls
  37 merfolk
  A polar bear (shapeshifter) (Zig:22)
  38 hellwings
  24 blink frogs
  A shadow dragon simulacrum (Hell)
  14 raiju
  4 harpy skeletons (Pan)
  3 meliai
  12 snapping turtles
  23 hornets
  A snapping turtle (shapeshifter) (Vaults:5)
  8 polar bears
  15 dream sheep
  66 saltlings (Desolation)
  3 iron dragon simulacra
  A spectral black mamba (Tar:1)
  7 shadows
  4 stone giant simulacra
  11 water elementals
  66 flying skulls
  A guardian serpent skeleton (Crypt:1)
  6 naga simulacra
  A centaur simulacrum (Hell)
  2 ettin skeletons
  99 slime creatures
  An ice dragon skeleton (Crypt:1)
  55 ynoxinuls
  A slime creature (shapeshifter) (Depths:4)
  27 spriggans
  10 air elementals
  5 wyverns
  39 starcursed masses
  3 vampires
  2 fire bats (Abyss:4)
  8 dire elephant simulacra
  10 fire elementals
  A human (D:8)
  22 ushabtiu
  19 wraiths
  An alligator snapping turtle simulacrum (Coc:2)
  34 yaks
  32 golden eyes
  7 basilisks
  A human (shapeshifter) (Abyss:3)
  37 neqoxecs
  A redback (shapeshifter) (Depths:2)
  9 minotaur simulacra (IceCv)
  23 small abominations
  A wind drake skeleton (Crypt:2)
  68 chaos spawn
  7 vampire mosquitoes
  Menkaure (D:7)
  3 spatial vortices (Abyss:3)
  46 nagas
  A warg (Orc:2)
  A water nymph zombie (Crypt:2)
  An acid dragon (D:12)
  24 harpy simulacra
  An acid dragon (shapeshifter) (Zig:26)
  11 hell hounds
  13 water moccasins
  6 floating eyes
  6 hydra simulacra
  Duvessa (D:7)
  2 ice beasts
  An ice beast (shapeshifter) (D:14)
  26 orc warriors
  A swamp drake (Zig:23)
  A glowing shapeshifter skeleton (Depths:3)
  2 alligator simulacra (IceCv)
  3 black bears
  7 ettin simulacra
  A sky beast (D:6)
  8 ogres
  A blink frog zombie (Crypt:2)
  9 boggarts
  42 wolves
  10 centaurs
  A phantom (D:5)
  A komodo dragon zombie (Crypt:2)
  3 kobold brigands
  Blork the orc (D:4)
  8 earth elementals
  7 bullfrogs
  A gnoll sergeant (D:7)
  8 necrophages
  4 scorpions
  7 deep troll simulacra (IceCv)
  2 warg zombies
  4 troll zombies (D:11)
  18 wights
  Dowan (D:7)
  A swamp dragon simulacrum (Hell)
  3 lindwurm simulacra (IceCv)
  39 killer bees
  2 howler monkeys (D:10)
  8 lava snakes
  2 electric eels (Elf:3)
  A hound (D:4)
  3 quasits
  3 jellies
  Crazy Yiuf (D:7)
  21 orc priests
  A sleepcap (D:7)
  2 gnoll boudas
  24 orc wizards
  11 hell rats
  Natasha (thrice) (D:3)
  8 lightning spires
  4 ogre zombies (D:11)
  A tengu zombie (Crypt:2)
  An ogre skeleton (Crypt:1)
  82 mummies
  21 gnolls
  A steam dragon zombie (Crypt:1)
  9 adders
  2 shadow imps
  2 white imps
  4 ufetubi
  3 worms
  The ghost of superpeng the Shield-Bearer, a weakling FoFi (D:14)
  4 dart slugs
  82 orcs
  5 ball pythons
  3 bats
  10 endoplasms
  2 giant cockroaches
  4 hobgoblins
  4 jackals
  4 quokkas
  2 frilled lizards (D:2)
  7 goblins
  2 goblin skeletons
  6 goblin zombies (D:11)
  2 hobgoblin skeletons (D:11)
  3 hobgoblin zombies (D:11)
  12 kobolds
  An orc skeleton (D:11)
  12 orc zombies (D:11)
  11 rats
  A ball lightning (Zig:26)
  8 creeping infernos
  51 fire vortices
  4 lurking horrors
  4 starspawn tentacles (Abyss:4)
  4 tentacles (Shoals:4)
6126 creatures vanquished.

Vanquished Creatures (collateral kills)
  A pandemonium lord (Zig:26)
  2 orbs of fire (Zot:5)
  2 royal mummies (Tomb:3)
  2 caustic shrikes (Zig:25)
  An electric golem (Zot:5)
  A quicksilver dragon (Zot:1)
  An ancient champion (Tomb:3)
  A very ugly thing (shapeshifter) (Zig:26)
  A black draconian (Zot:5)
  3 mummy priests (Tomb:3)
  6 death scarabs (Tomb:3)
  An ugly thing (Zig:26)
  3 guardian mummies (Tomb:3)
  5 ushabtiu (Tomb:3)
  3 mummies (Tomb:3)
33 creatures vanquished.

Vanquished Creatures (others)
  A pandemonium lord (Pan)
  A Killer Klown (Zig:26)
  An Orb Guardian (Zot:5)
  A titan (Pan)
  An eldritch tentacle (Zig:26)
  A frost giant (Crypt:2)
  A stone giant (Crypt:3)
  A rakshasa (Pan)
  A naga warrior (Snake:2)
  A sixfirhy (Pan)
  A deep elf archer (Zig:22)
  A smoke demon (Pan)
  A neqoxec (Pan)
  A harpy simulacrum (Coc:7)
  A small abomination (Abyss:3)
  A hell rat (Hell)
  2 orcs (Vaults:5)
  A creeping inferno (Geh:7)
  A fire vortex (Pan)
  4 foxfires
  7 fulminant prisms
  12 starspawn tentacles
  A tentacle (Shoals:4)
44 creatures vanquished.

Grand Total: 6203 creatures vanquished

Notes
Turn   | Place    | Note
-------+----------+-------------------------------------------
     0 | D:1      | GloriousHammer the Ogre Warper began the quest for the Orb.
     0 | D:1      | Reached XP level 1. HP: 22/22 MP: 3/3
   353 | D:1      | Reached XP level 2. HP: 11/31 MP: 5/5
   626 | D:1      | Found a faded altar of an unknown god.
   905 | D:2      | Reached XP level 3. HP: 26/37 MP: 7/7
  1024 | D:2      | Noticed a scorpion
  1805 | D:2      | Reached XP level 4. HP: 48/48 MP: 8/8
  2422 | D:2      | Identified the amulet "Netire" {RegenMP rF- rC- rCorr
                  | Int+8}
  2864 | D:3      | Noticed Natasha
  2881 | D:3      | Killed Natasha
  3003 | D:3      | Learned a level 2 spell: Blink
  3006 | D:3      | Learned a level 2 spell: Lesser Beckoning
  3079 | D:3      | Reached XP level 5. HP: 52/55 MP: 9/9
  3715 | D:3      | Found an iron altar of Okawaru.
  3721 | D:3      | Became a worshipper of Warmaster Okawaru
  3721 | D:3      | Noticed Natasha
  3733 | D:3      | Killed Natasha
  4590 | D:3      | Noticed Natasha
  4601 | D:3      | Killed Natasha
  4602 | D:3      | Reached skill level 5 in Fighting
  4785 | D:3      | Reached XP level 6. HP: 40/66 MP: 11/11
  5141 | D:3      | Got the Parchment of the Gift and the Shapeshifter
  5339 | D:3      | Identified the +12 dagger "Yquym" {venom, rPois rF+ Dex+4}
  6220 | D:4      | Found an opulent altar of Gozag.
  6221 | D:4      | Found a burning altar of Makhleb.
  6221 | D:4      | Found a sacrificial altar of Ru.
  6222 | D:4      | Found a white marble altar of Elyvilon.
  6226 | D:4      | Found a broken altar of Ashenzari.
  6254 | D:4      | Found an ancient bone altar of Kikubaaqudgha.
  6400 | D:4      | Noticed Blork the orc
  6410 | D:4      | Killed Blork the orc
  6411 | D:4      | Reached XP level 7. HP: 70/75 MP: 12/12
  7132 | D:4      | Learned a level 3 spell: Teleport Other
  7136 | D:4      | Learned a level 3 spell: Vhi's Electric Charge
  7141 | D:4      | Learned a level 4 spell: Manifold Assault
  7216 | D:5      | Entered Level 5 of the Dungeon
  7305 | D:5      | Reached skill level 1 in Invocations
  7368 | D:5      | Reached * piety under Okawaru
  7408 | D:5      | Reached XP level 8. HP: 78/87 MP: 11/14
  7637 | D:5      | Reached skill level 5 in Maces & Flails
  8819 | D:6      | Found a blossoming altar of Fedhas.
  9030 | D:6      | Found a hazy altar of Hepliaklqana.
  9045 | D:6      | Found an ornate altar of the Wu Jian Council.
  9146 | D:6      | Reached skill level 1 in Air Magic
  9730 | D:6      | Found a hide-covered altar of Uskayaw.
  9737 | D:6      | Reached skill level 5 in Translocations
 10293 | D:7      | Noticed Dowan
 10294 | D:7      | Noticed Duvessa
 10335 | D:7      | Noticed Menkaure
 10335 | D:7      | Found Lilomeva's Antique Armour Emporium.
 10651 | D:7      | Killed Duvessa
 10652 | D:7      | Reached XP level 9. HP: 94/96 MP: 13/15
 10676 | D:7      | Killed Dowan
 10833 | D:7      | Found a glowing golden altar of the Shining One.
 10878 | D:7      | Killed Menkaure
 10966 | D:7      | Reached ** piety under Okawaru
 11054 | D:7      | Noticed a deep troll
 11456 | D:7      | Bought a crude robe for 114 gold pieces
 11456 | D:7      | Identified the +0 robe of Intuition {Harm Rampage rCorr
                  | Dex+3} (You bought it in a shop on level 7 of the Dungeon)
 11456 | D:7      | Bought a fabulously ornate robe for 114 gold pieces
 11456 | D:7      | Identified the +0 robe "Rekuass" {Int+4} (You bought it in
                  | a shop on level 7 of the Dungeon)
 11456 | D:7      | Bought an embroidered robe for 74 gold pieces
 11541 | D:7      | Found the amulet of Vitality {RegenMP++ Regen++}
 11717 | D:8      | Reached skill level 5 in Invocations
 11785 | D:8      | Noticed a komodo dragon
 11799 | D:8      | HP: 3/98 [komodo dragon (13)]
 12013 | D:7      | Found a stormy altar of Qazlal.
 12055 | D:7      | Found a runed translucent door.
 12056 | D:7      | Noticed Crazy Yiuf
 12062 | D:7      | Killed Crazy Yiuf
 12120 | D:7      | Found a staircase to the Ecumenical Temple.
 12192 | D:8      | Found a staircase to the Lair.
 12353 | D:8      | Reached *** piety under Okawaru
 12354 | D:8      | Reached XP level 10. HP: 101/106 MP: 16/16
 12505 | D:8      | Reached skill level 10 in Fighting
 12760 | D:8      | Found a runed translucent door.
 12763 | D:8      | Found a basalt altar of Yredelemnul.
 13138 | D:8      | Found a staircase to the Lair.
 13164 | D:8      | Found a basalt altar of Yredelemnul.
 14129 | D:9      | Reached skill level 1 in Shields
 14190 | D:9      | Reached **** piety under Okawaru
 14234 | D:9      | Received a gift from Okawaru
 14700 | D:10     | Entered Level 10 of the Dungeon
 15009 | D:10     | Reached ***** piety under Okawaru
 15010 | D:10     | Reached skill level 1 in Armour
 15010 | D:10     | Reached XP level 11. HP: 122/122 MP: 17/17
 15123 | D:10     | Noticed Josephine
 15138 | D:10     | Killed Josephine
 15138 | D:10     | Received a gift from Okawaru
 15319 | D:10     | Identified the +0 scale mail of the Evening Star {Drain
                  | rPois rF+ Stlth+}
 15352 | D:10     | Found a runed translucent gate.
 15352 | D:10     | Found a runed translucent gate.
 15352 | D:10     | Found a runed translucent gate.
 15352 | D:10     | Noticed Maxmaps's ghost (journeyman OgMo)
 15353 | D:10     | Identified the +0 chain mail of Agomaine {Fly rN+ Str-3}
 16680 | D:11     | Found a staircase to the Orcish Mines.
 17268 | D:11     | Noticed a boulder beetle
 17431 | Lair:1   | Entered Level 1 of the Lair of Beasts
 17655 | Lair:1   | Identified the +1 cloak "Cecal" {-Cast rCorr Dex+7}
                  | (Okawaru gifted it to you on level 1 of the Lair of Beasts)
 17655 | Lair:1   | Received a gift from Okawaru
 17765 | Lair:1   | Noticed Sonja
 17765 | Lair:1   | Noticed Joseph
 18050 | Lair:1   | Reached XP level 12. HP: 132/137 MP: 18/18
 18088 | Lair:1   | Killed Sonja
 18568 | Lair:1   | Killed Joseph
 18621 | Lair:2   | Noticed a seven-headed hydra
 19062 | Lair:2   | You fall into a shaft and drop 2 floors!
 19239 | Lair:4   | Received a gift from Okawaru
 19240 | Lair:4   | Reached skill level 15 in Fighting
 19244 | Lair:4   | Noticed Snorg
 19532 | Lair:2   | Identified the +9 great mace "Qitsil" {elec, rElec rN++
                  | Dex-4} (Okawaru gifted it to you on level 2 of the Lair of
                  | Beasts)
 19532 | Lair:2   | Received a gift from Okawaru
 20184 | Lair:2   | Killed a seven-headed hydra
 20185 | Lair:2   | Reached XP level 13. HP: 133/153 MP: 19/19
 20480 | Lair:2   | Reached skill level 10 in Maces & Flails
 20610 | Lair:3   | Identified the +6 giant club of Mana {heavy, rPois Str+4
                  | Stlth+} (Okawaru gifted it to you on level 3 of the Lair of
                  | Beasts)
 20610 | Lair:3   | Received a gift from Okawaru
 20731 | Lair:3   | Found a staircase to the Shoals.
 20740 | Lair:3   | Learned a level 3 spell: Gell's Gravitas
 21054 | Lair:3   | Reached skill level 10 in Translocations
 21184 | Lair:3   | Found a staircase to the Snake Pit.
 21713 | Lair:4   | Reached ****** piety under Okawaru
 21735 | Lair:4   | Killed Snorg
 21943 | Lair:4   | Received a gift from Okawaru
 21996 | Lair:4   | Found a staircase to the Slime Pits.
 21996 | Lair:4   | Found a viscous altar of Jiyva.
 21997 | Lair:4   | Received a gift from Okawaru
 22338 | Lair:4   | Received a gift from Okawaru
 22671 | Lair:5   | Entered Level 5 of the Lair of Beasts
 22754 | Lair:5   | Reached XP level 14. HP: 168/170 MP: 12/20
 22754 | Lair:5   | Identified the +2 robe of Ygras {Harm rPois Int-2} (Okawaru
                  | gifted it to you on level 5 of the Lair of Beasts)
 22754 | Lair:5   | Received a gift from Okawaru
 22920 | Lair:5   | Noticed randomguy2701's ghost (journeyman MiFi)
 22927 | Lair:5   | Found a bloodstained altar of Trog.
 22934 | Lair:5   | Found a transporter.
 22937 | Lair:5   | Found a transporter.
 23752 | Lair:5   | Identified the +0 cloak of Good Intentions {+Blink Slay+5}
                  | (Okawaru gifted it to you on level 5 of the Lair of Beasts)
 23752 | Lair:5   | Received a gift from Okawaru
 24550 | D:7      | Found a stormy altar of Qazlal.
 24572 | D:7      | Found a glowing golden altar of the Shining One.
 24666 | D:7      | Found Lilomeva's Antique Armour Emporium.
 24891 | D:7      | Found a staircase to the Ecumenical Temple.
 25778 | D:12     | Identified the +7 war axe "Sopteos" {flame, rC+ Int+4}
 25899 | D:12     | Noticed Fannar
 25901 | D:12     | Killed Fannar
 26623 | D:12     | Reached XP level 15. HP: 185/185 MP: 12/21
 26743 | D:12     | Learned a level 2 spell: Passwall
 26977 | D:13     | Reached skill level 1 in Transmutations
 27066 | D:13     | Found a runed translucent gate.
 27066 | D:13     | Found a runed translucent gate.
 27067 | D:13     | Found a runed translucent gate.
 27067 | D:13     | Noticed an azure jelly
 27068 | D:13     | Noticed an acid blob
 27070 | D:13     | Noticed an acid blob
 27070 | D:13     | Noticed pokeman's ghost (journeyman DEHW)
 27071 | D:13     | Noticed an acid blob
 27071 | D:13     | Noticed an acid blob
 27071 | D:13     | Noticed a rockslime
 27075 | D:13     | Found a viscous altar of Jiyva.
 27604 | Orc:1    | Entered Level 1 of the Orcish Mines
 27730 | Orc:1    | Noticed Urug
 27899 | Orc:1    | Received a gift from Okawaru
 27909 | D:11     | Killed Urug
 28077 | Orc:2    | Entered Level 2 of the Orcish Mines
 28077 | Orc:2    | Found Japtih's Jewellery Shoppe.
 28168 | Orc:2    | Reached skill level 5 in Spellcasting
 28248 | Orc:2    | Found a staircase to the Elven Halls.
 28286 | Orc:2    | Noticed an orc warlord
 28305 | Orc:2    | Received a gift from Okawaru
 28307 | Orc:2    | Killed an orc warlord
 28589 | Orc:2    | Noticed Azrael
 28602 | Orc:2    | Killed Azrael
 29124 | Orc:2    | Found Vimmol's Armour Shoppe.
 29128 | Orc:2    | Found Niolo's Assorted Antiques.
 29138 | Orc:2    | Found Soczifax's Antique Armour Shop.
 29140 | Orc:2    | Found Nehios's Distillery.
 29149 | Orc:2    | Bought a potion of heal wounds for 55 gold pieces
 29149 | Orc:2    | Bought 2 potions of brilliance for 88 gold pieces
 29149 | Orc:2    | Bought a potion of cancellation for 88 gold pieces
 29149 | Orc:2    | Bought a potion of enlightenment for 55 gold pieces
 29178 | Orc:2    | Bought a +5 ring of evasion for 468 gold pieces
 29208 | Orc:2    | Bought a ring of see invisible for 195 gold pieces
 29339 | D:10     | Killed Maxmaps's ghost
 29363 | D:10     | Upgraded the game from 0.31-a0-369-g8eba5f6939 to
                  | 0.31-a0-408-gb642c7f9a3
 29370 | D:10     | Learned a level 6 spell: Dispersal
 29670 | D:14     | Reached skill level 1 in Shapeshifting
 29703 | D:14     | Found a shimmering altar of Xom.
 29744 | D:14     | Found a transporter.
 29760 | D:14     | Noticed a tentacled starspawn
 29760 | D:14     | Noticed superpeng's ghost (weakling FoFi)
 29775 | D:14     | Found a frozen archway.
 29832 | D:14     | Identified the +10 morningstar of Ship {flame, rElec rN+}
                  | (Okawaru gifted it to you on level 14 of the Dungeon)
 29832 | D:14     | Received a gift from Okawaru
 29918 | IceCv    | Entered an ice cave
 29946 | IceCv    | Reached XP level 16. HP: 154/197 MP: 19/24
 30182 | IceCv    | Reached skill level 5 in Shapeshifting
 30258 | IceCv    | Received a gift from Okawaru
 30377 | IceCv    | Noticed an Ice Fiend
 30380 | IceCv    | Killed an Ice Fiend
 30433 | IceCv    | Identified the staff "Xyssy" {Drain rC+ rN+ Str+3 Int+2
                  | Ice}
 30838 | D:14     | Found a transporter.
 30952 | D:14     | Noticed a profane servitor
 30961 | D:14     | Found a gate to the Vaults.
 31248 | D:15     | Entered Level 15 of the Dungeon
 31292 | D:15     | Identified the +0 robe of Radocw {rC- rCorr Dex-3 SInv}
                  | (Okawaru gifted it to you on level 15 of the Dungeon)
 31292 | D:15     | Received a gift from Okawaru
 31800 | D:15     | Found a staircase to the Depths.
 32091 | Snake:1  | Entered Level 1 of the Snake Pit
 32099 | Arena    | Entered the Arena
 32660 | Snake:1  | Reached skill level 10 in Shapeshifting
 32771 | Snake:1  | Reached XP level 17. HP: 206/206 MP: 14/25
 32860 | Snake:1  | Found Adamipp's General Store.
 33410 | Snake:2  | Received a gift from Okawaru
 33639 | Snake:2  | Found Ducufabuo's Gadget Gallery.
 34032 | Snake:1  | Bought a scroll of blinking for 105 gold pieces
 34032 | Snake:1  | Bought a scroll of identify for 28 gold pieces
 34059 | Snake:3  | Learned a level 2 spell: Sublimation of Blood
 34652 | Snake:3  | Found a runed translucent gate.
 34652 | Snake:3  | Found a runed translucent gate.
 34652 | Snake:3  | Found a runed translucent gate.
 34653 | Snake:3  | Noticed relicbr's ghost (adept TeAE)
 35290 | Snake:3  | Identified the +1 robe "Irirghu" {Will++ Str-2 Dex+2}
                  | (Okawaru gifted it to you on level 3 of the Snake Pit)
 35290 | Snake:3  | Received a gift from Okawaru
 35292 | Snake:3  | Killed relicbr's ghost
 35369 | Snake:4  | Entered Level 4 of the Snake Pit
 35921 | Snake:4  | Noticed Vashnia
 36367 | Orc:2    | Bought a granite talisman for 1040 gold pieces
 36792 | Snake:4  | Killed Vashnia
 36792 | Snake:4  | Identified the +0 hat of the Robin {Str+2 Int+5} (Okawaru
                  | gifted it to you on level 4 of the Snake Pit)
 36792 | Snake:4  | Received a gift from Okawaru
 36793 | Snake:4  | Reached XP level 18. HP: 215/215 MP: 16/26
 36964 | Snake:4  | Reached skill level 15 in Shapeshifting
 37059 | Snake:4  | Found a shimmering blue altar of Sif Muna.
 37072 | Snake:4  | Identified the +2 pair of boots of Maruqega {Rampage rC+
                  | rCorr SInv}
 37371 | Snake:4  | Reached skill level 1 in Necromancy
 37553 | Snake:4  | Got a serpentine rune of Zot
 38157 | Shoals:1 | Entered Level 1 of the Shoals
 38723 | Shoals:2 | Identified the +1 robe of Forking Paths {Rampage MP-9
                  | Dex+4} (Okawaru gifted it to you on level 2 of the Shoals)
 38723 | Shoals:2 | Received a gift from Okawaru
 39864 | Shoals:3 | Reached XP level 19. HP: 227/227 MP: 24/27
 39927 | Shoals:3 | Found Sucusim's CLEARANCE SALE!.
 39932 | Shoals:3 | Bought a scroll of teleportation for 9 gold pieces
 39932 | Shoals:3 | Bought a scroll of blinking for 22 gold pieces
 40066 | Shoals:4 | Entered Level 4 of the Shoals
 40208 | Shoals:4 | Noticed Ilsuiw
 40213 | Shoals:4 | Killed Ilsuiw
 40378 | Shoals:4 | Received a gift from Okawaru
 40425 | Shoals:4 | Got a barnacled rune of Zot
 40726 | Shoals:4 | Noticed Polyphemus
 40728 | Shoals:4 | Killed Polyphemus
 40798 | Shoals:4 | Received a gift from Okawaru
 40814 | Shoals:4 | Got the Anthology of the Volcano and the Scorpion
 40834 | Shoals:4 | Identified the amulet of the Heavens {Reflect Dex+2 SH+5}
 41271 | Vaults:1 | Entered Level 1 of the Vaults
 41301 | Vaults:1 | Found a runed translucent gate.
 41301 | Vaults:1 | Found a runed translucent gate.
 41301 | Vaults:1 | Found a runed translucent gate.
 41302 | Vaults:1 | Noticed Rinoumap's ghost (adept TrCK)
 41309 | Vaults:1 | Killed Rinoumap's ghost
 41358 | Vaults:1 | Received a gift from Okawaru
 41381 | Abyss:3  | Cast into level 3 of the Abyss (a wizard)
 41453 | Abyss:3  | Reached skill level 15 in Maces & Flails
 41489 | Abyss:3  | Noticed a profane servitor
 41497 | Abyss:3  | Paralysed by accursed screaming for 1 turns
 41535 | Abyss:3  | Noticed a tentacled monstrosity
 41540 | Abyss:3  | Killed a tentacled monstrosity
 41541 | Abyss:3  | Reached XP level 20. HP: 234/240 MP: 13/28
 41543 | Abyss:3  | Noticed a bone dragon
 41548 | Abyss:3  | Got an abyssal rune of Zot
 41565 | Abyss:3  | Identified the +3 cloak of Lut Itixy {Dex+4} (Okawaru
                  | gifted it to you on level 3 of the Abyss)
 41565 | Abyss:3  | Received a gift from Okawaru
 41584 | Vaults:1 | Escaped the Abyss
 41637 | Vaults:1 | Found Elo Zazu's Jewellery Shop.
 42495 | Vaults:1 | Identified the +1 robe of Duty {Rampage} (Okawaru gifted it
                  | to you on level 1 of the Vaults)
 42495 | Vaults:1 | Received a gift from Okawaru
 42667 | Vaults:1 | Found Lealicuf's Magic Scroll Shop.
 42681 | Vaults:1 | Bought a scroll of silence for 171 gold pieces
 42721 | Vaults:1 | Paralysed by a great orb of eyes for 3 turns
 42917 | Vaults:1 | Identified the staff "Magerr" {Fly rElec rCorr Air}
 43536 | Vaults:2 | Reached skill level 15 in Translocations
 43635 | Vaults:2 | Found Gozag's Antique Armour Boutique.
 43636 | Vaults:2 | Found Gozag's Antique Weapon Shop.
 43641 | Vaults:2 | Found an opulent altar of Gozag.
 43719 | Vaults:2 | Found Gozag's Antique Weapon Boutique.
 44342 | Vaults:2 | Received a gift from Okawaru
 44456 | Vaults:3 | Reached XP level 21. HP: 252/252 MP: 25/29
 44827 | Vaults:3 | Found a staircase to the Crypt.
 44827 | Vaults:3 | Found an ancient bone altar of Kikubaaqudgha.
 44829 | Vaults:3 | Found a basalt altar of Yredelemnul.
 45955 | Vaults:4 | Received a gift from Okawaru
 46217 | Vaults:4 | Found Xonar's Distillery.
 46224 | Vaults:4 | Bought a potion of curing for 54 gold pieces
 46224 | Vaults:4 | Bought a potion of curing for 54 gold pieces
 47089 | Elf:1    | Entered Level 1 of the Elven Halls
 47089 | Elf:1    | Found a runed translucent gate.
 47089 | Elf:1    | Found a runed translucent gate.
 47089 | Elf:1    | Found a runed translucent gate.
 47089 | Elf:1    | Found a runed translucent gate.
 47089 | Elf:1    | Found a runed translucent gate.
 47089 | Elf:1    | Found a runed translucent gate.
 47090 | Elf:1    | Found a runed translucent door.
 47093 | Elf:1    | Reached XP level 22. HP: 265/265 MP: 26/30
 47245 | Elf:1    | Found a crumbling gateway.
 47265 | Desolati | Entered the Desolation of Salt
 47386 | Desolati | Reached skill level 1 in Evocations
 47550 | Desolati | Identified the +10 quarterstaff "Gysohonn" {holy, MP+9
                  | SInv}
 47613 | Desolati | Received a gift from Okawaru
 47891 | Desolati | Identified the +7 falchion of Red Wine {flame, +Blink
                  | Will++}
 47891 | Desolati | Identified the amulet of Haed {Faith rC+}
 47907 | Desolati | Identified the ring of Icwiget {rF+ rC- Dex+5}
 47913 | Desolati | Identified the +9 trident of Jucu {venom, MP+9 Int+4 Dex+3}
 48098 | Desolati | Identified the +4 hat of Classification {rPois} (Okawaru
                  | gifted it to you in the Desolation of Salt)
 48098 | Desolati | Received a gift from Okawaru
 48159 | Desolati | Identified the +2 broad axe "Lomimoas" {heavy, Fragile
                  | rPois SInv}
 48172 | Desolati | Identified the +7 scimitar of Moral Flaws {pain, Contam
                  | rElec Str+8 Dex+4}
 48175 | Desolati | Got the Information on Momentum
 48366 | Elf:1    | Found a runed translucent door.
 48599 | Elf:1    | Paralysed by an air elemental for 1 turns
 48624 | Elf:1    | Paralysed by an air elemental for 1 turns
 49400 | Elf:2    | Found Juenofil's Book Shop.
 49435 | Elf:2    | Found a runed translucent gate.
 49440 | Elf:2    | Found a runed translucent gate.
 49440 | Elf:2    | Found a runed translucent gate.
 49464 | Elf:2    | Paralysed by an air elemental for 1 turns
 49506 | Elf:2    | Reached skill level 5 in Dodging
 50017 | Elf:2    | Identified the +1 robe of the Cricket {Harm rCorr Str-2
                  | Dex+5} (Okawaru gifted it to you on level 2 of the Elven
                  | Halls)
 50017 | Elf:2    | Received a gift from Okawaru
 50018 | Elf:2    | Reached XP level 23. HP: 276/276 MP: 22/31
 50191 | Elf:3    | Entered Level 3 of the Elven Halls
 50220 | Elf:3    | Found a runed translucent door.
 50428 | Elf:3    | Identified the +3 pair of gloves of the Postmodern Bones
                  | {rC+ rN+ Will+ Int+2}
 50428 | Elf:3    | Noticed Nikola
 50431 | Elf:3    | Killed Nikola
 50693 | Elf:3    | Reached skill level 5 in Evocations
 51491 | Elf:3    | Identified the +0 robe of the Thinker {rF+ rC- Stlth+}
 51511 | Elf:3    | Got Unaono's Guide on Teratogeny
 51539 | Elf:3    | Identified the +0 cloak of Hopscotch {rPois Str+3}
 51541 | Elf:3    | Identified the +0 sling of Pestilence {elec, Will- Dex+4}
 51566 | Elf:3    | Identified the ring "Pyafutel" {rF+ rN+ EV+5}
 51591 | Elf:3    | Got the Incunable of Movement and the Atmosphere
 51942 | D:13     | Killed pokeman's ghost
 51952 | D:13     | Received a gift from Okawaru
 52581 | D:14     | Found a one-way gate to the infinite horrors of the Abyss.
 52586 | D:14     | Killed superpeng's ghost
 52934 | Lair:5   | Killed randomguy2701's ghost
 53229 | Elf:2    | Bought a book of Chaos for 800 gold pieces
 53431 | Depths:1 | Entered Level 1 of the Depths
 53431 | Depths:1 | Found Roafufor's Antique Armour Shoppe.
 53436 | Depths:1 | Bought a distressingly furry cloak for 380 gold pieces
 53436 | Depths:1 | Identified the +0 cloak of Wyiko {Rampage rPois Str-4
                  | Dex+3} (You bought it in a shop on level 1 of the Depths)
 53446 | Depths:1 | Found a gateway to Hell.
 53498 | Depths:1 | Identified the ring of Gitt {rPois rC++ Will+ MP+9 Slay+2}
 53525 | Depths:1 | Identified the +1 morningstar of Offence {freeze, rElec rC+
                  | rN+ Str+2} (Okawaru gifted it to you on level 1 of the
                  | Depths)
 53525 | Depths:1 | Received a gift from Okawaru
 53603 | Depths:1 | Reached skill level 5 in Throwing
 53712 | Depths:1 | Reached XP level 24. HP: 291/291 MP: 32/32
 53827 | Depths:1 | Found a snail-covered altar of Cheibriados.
 54104 | Depths:2 | Identified the +5 kite shield of Happy Babbling {*Slow
                  | rElec rCorr Dex+6} (Okawaru gifted it to you on level 2 of
                  | the Depths)
 54104 | Depths:2 | Received a gift from Okawaru
 54611 | Depths:2 | Found a one-way gate leading to the halls of Pandemonium.
 54613 | Depths:2 | Gained mutation: You expend magic power (3 MP) to
                  | strengthen your wands. [a neqoxec]
 55173 | Depths:3 | Noticed Margery
 55175 | Depths:3 | Killed Margery
 55437 | Depths:3 | Noticed a caustic shrike
 55440 | Depths:3 | Killed a caustic shrike
 55462 | Depths:3 | Identified the amulet "Avaavvit" {Faith Regen+ Slay+2}
 55522 | Depths:3 | Identified the +1 leather armour of the Lemon {rElec Will+
                  | Regen+ Dex+3}
 55691 | Depths:3 | Identified the +11 lajatang "Koceuh" {freeze, Str-2 Int+8
                  | Dex+5}
 55748 | Depths:3 | Identified the ring of the Leaping Gods {Ice Dex+5}
 55759 | Depths:3 | Identified the +0 helmet of the Pink Corner {Will++ Int-4}
 55965 | Depths:3 | Received a gift from Okawaru
 56334 | Depths:3 | Learned a level 2 spell: Wereblood
 56343 | Depths:3 | Learned a level 8 spell: Disjunction
 56472 | Depths:4 | Entered Level 4 of the Depths
 56603 | Depths:4 | Found a one-way gateway to a ziggurat.
 56697 | Depths:4 | Reached XP level 25. HP: 301/301 MP: 35/35
 56706 | Depths:4 | Reached skill level 27 in Fighting
 56709 | Depths:4 | Found a gate to the Realm of Zot.
 56846 | Depths:4 | Received a gift from Okawaru
 57040 | Depths:4 | Reached skill level 10 in Throwing
 57061 | Depths:4 | Found Iseenix's Magic Scroll Boutique.
 57074 | Depths:4 | Bought a scroll of enchant weapon for 120 gold pieces
 57074 | Depths:4 | Bought 2 scrolls of teleportation for 96 gold pieces
 57795 | Slime:1  | Entered Level 1 of the Pits of Slime
 58967 | Slime:4  | Identified the +0 cloak of the Teacher {Int+2 Stlth+}
                  | (Okawaru gifted it to you on level 4 of the Pits of Slime)
 58967 | Slime:4  | Received a gift from Okawaru
 59067 | Slime:5  | Entered Level 5 of the Pits of Slime
 59069 | Slime:5  | Found a viscous altar of Jiyva.
 59106 | Slime:5  | Noticed the Royal Jelly
 59119 | Slime:5  | Killed the Royal Jelly
 59190 | Slime:5  | Gained mutation: You are weak. (Str -2) [a shining eye]
 59214 | Slime:5  | Identified the +11 mace "Limogak" {spect, rF+ rC+ Str-5
                  | Dex+3}
 59225 | Slime:5  | Identified the ring of Springtime {rPois Int+4 Stlth+}
 59226 | Slime:5  | Identified the +3 rapier "Tiogiem" {pain, Will+ Stlth+}
 59261 | Slime:5  | Got a slimy rune of Zot
 59292 | Slime:5  | Gained mutation: You are vulnerable to cold. (rC-) [a
                  | shining eye]
 59293 | Slime:5  | Gained mutation: You are dopey. (Int -2) [a shining eye]
 59345 | Slime:5  | Identified the +1 ring mail of Zivinoar {rPois Dex+3
                  | Slay+2}
 59729 | Slime:5  | Lost mutation: You expend magic power (3 MP) to strengthen
                  | your wands. [potion of mutation]
 59729 | Slime:5  | Lost mutation: You are weak. (Str -2) [potion of mutation]
 59729 | Slime:5  | Gained mutation: Your muscles are strong. (Str +4, Int/Dex
                  | -1) [potion of mutation]
 59729 | Slime:5  | Lost mutation: You are dopey. (Int -2) [potion of mutation]
 59730 | Slime:5  | Lost mutation: Your muscles are strong. (Str +4, Int/Dex
                  | -1) [potion of mutation]
 59730 | Slime:5  | Lost mutation: You are vulnerable to cold. (rC-) [potion of
                  | mutation]
 59730 | Slime:5  | Gained mutation: Your magical capacity is low. (-10% MP)
                  | [potion of mutation]
 59730 | Slime:5  | Gained mutation: You have a pair of small horns on your
                  | head. [potion of mutation]
 60131 | Vaults:5 | Entered Level 5 of the Vaults
 60146 | Vaults:5 | Reached XP level 26. HP: 290/314 MP: 10/31
 60147 | Vaults:5 | Noticed a dread lich
 60148 | Vaults:5 | Noticed Frederick
 60294 | Vaults:4 | Killed Frederick
 60301 | Vaults:4 | Killed a dread lich
 60585 | Vaults:5 | Noticed an ancient lich
 60587 | Vaults:5 | Identified the ring "Duih" {Str+3 Int+3 Slay+4}
 60591 | Vaults:5 | HP: 16/406 [tengu reaver/bolt of fire (30)]
 60595 | Vaults:5 | Received a gift from Okawaru
 60610 | Vaults:5 | Killed an ancient lich
 60771 | Vaults:5 | Identified the amulet "Vyakad" {Acrobat Str+3 Dex-5}
 60900 | Vaults:5 | Got a silver rune of Zot
 61003 | Vaults:5 | Identified the +0 robe of Refuuz {rPois rC+ Will+ Int+3}
 61305 | Vaults:5 | Received a gift from Okawaru
 61379 | Vaults:5 | Identified the +10 hand axe "Byucomif" {venom, Str+2}
 61685 | Vaults:5 | Identified the ring "Tefait" {rPois rCorr Str+6 Slay+5
                  | Stlth+}
 62181 | D:7      | Fell from the grace of Okawaru
 62181 | D:7      | Became a worshipper of the Shining One
 62181 | D:7      | Was placed under penance by the Shining One
 63588 | Crypt:1  | Entered Level 1 of the Crypt
 63594 | Crypt:1  | Was forgiven by the Shining One
 63603 | Crypt:1  | Reached skill level 15 in Throwing
 63683 | Crypt:1  | Reached * piety under the Shining One
 64201 | Crypt:1  | Noticed Jory
 64209 | Crypt:1  | Killed Jory
 64319 | Crypt:1  | Reached ** piety under the Shining One
 64602 | Crypt:2  | Reached *** piety under the Shining One
 64687 | Crypt:2  | Reached **** piety under the Shining One
 65130 | Crypt:2  | Vaults 5 was really rough -- almost died to an invisible
                  | lich casting LDS -- should have read the messages better.
 65130 | Crypt:2  | Also leaving Oka sucked -- did not know it but amulet of
                  | vitality is hated by TSO.
 65569 | Crypt:3  | Entered Level 3 of the Crypt
 65571 | Crypt:3  | Reached ***** piety under the Shining One
 65606 | Crypt:3  | Reached XP level 27. HP: 323/323 MP: 31/31
 65759 | Crypt:3  | Reached ****** piety under the Shining One
 65896 | Crypt:3  | Found an ancient bone altar of Kikubaaqudgha.
 66118 | Crypt:3  | Noticed Khufu
 66125 | Crypt:3  | Killed Khufu
 66135 | Crypt:3  | Found a staircase to the Tomb.
 66446 | Crypt:3  | Identified the ring of Juatz {rCorr MP+9 Str+6 Dex+4
                  | Stlth-}
 66545 | Tomb:1   | Entered Level 1 of the Tomb of the Ancients
 67169 | Hell     | Entered the Vestibule of Hell
 67169 | Hell     | Noticed Geryon
 67509 | Hell     | Gained mutation: You have hidden genetic defects. [a
                  | cacodemon]
 67513 | Hell     | Killed Geryon
 67520 | Depths:2 | Lost mutation: You have hidden genetic defects. [potion of
                  | mutation]
 67520 | Depths:2 | Lost mutation: Your magical capacity is low. (-10% MP)
                  | [potion of mutation]
 67520 | Depths:2 | Gained mutation: Your natural rate of healing is unusually
                  | fast. [potion of mutation]
 67535 | Depths:2 | Reached skill level 10 in Spellcasting
 67978 | Hell     | Found a gateway to the Iron City of Dis.
 68035 | Hell     | Found a gateway to the freezing wastes of Cocytus.
 68182 | Hell     | Found a gateway to the decaying netherworld of Tartarus.
 68234 | Hell     | Found a gateway to the ashen valley of Gehenna.
 68516 | Zot:1    | Entered Level 1 of the Realm of Zot
 68516 | Zot:1    | Noticed an orb of fire
 68517 | Zot:1    | Gained mutation: You are occasionally teleported next to
                  | monsters. [an orb of fire]
 68520 | Zot:1    | Killed an orb of fire
 68755 | Zot:1    | Noticed an orb of fire
 68761 | Zot:1    | Gained mutation: You are clumsy. (Dex -2) [an orb of fire]
 68762 | Zot:1    | Killed an orb of fire
 69508 | Zot:2    | Was forgiven by Okawaru
 70071 | Zot:2    | Lost mutation: You are occasionally teleported next to
                  | monsters. [potion of mutation]
 70071 | Zot:2    | Lost mutation: Your natural rate of healing is unusually
                  | fast. [potion of mutation]
 70071 | Zot:2    | Gained mutation: Your spells are a little harder to cast,
                  | but a little more powerful. [potion of mutation]
 70071 | Zot:2    | Lost mutation: You have a pair of small horns on your head.
                  | [potion of mutation]
 70071 | Zot:2    | Gained mutation: You are partially covered in iridescent
                  | scales. (AC +2) [potion of mutation]
 70160 | Zot:3    | Identified a +9 giant spiked club of holy wrath (a +7 giant
                  | spiked club of flaming blessed by the Shining One)
 70160 | Zot:3    | Received a gift from the Shining One
 70337 | Zot:3    | Identified the +1 robe of Verdant Life {rN+ Dex+3}
 70529 | Zot:3    | Reached skill level 10 in Invocations
 71231 | Zot:4    | Reached skill level 1 in Fire Magic
 71293 | Zot:4    | Identified the +0 robe of Impatience {Str+2 Int+2}
 71509 | Zot:4    | Found the +5 woodcutter's axe
 71783 | Zot:4    | Identified the +5 sling of the Vaults {freeze, rF+}
 72065 | Zot:5    | Entered Level 5 of the Realm of Zot
 73211 | Pan      | Entered Pandemonium
 73390 | Pan      | Found an exit through the horrors of the Abyss.
 73683 | Pan      | Reached skill level 5 in Fire Magic
 73685 | Pan      | Noticed Dusuacio the pandemonium lord
 73686 | Pan      | Killed Dusuacio the pandemonium lord
 73912 | Pan      | Found an opulent altar of Gozag.
 73912 | Pan      | Found Mukesuu's Jewellery Shoppe.
 73913 | Pan      | Gained mutation: You are weak. (Str -2) [a neqoxec]
 73916 | Pan      | Reached skill level 10 in Dodging
 73921 | Pan      | Found Mukesuu's Assorted Sundries.
 73939 | Pan      | Found an opulent altar of Gozag.
 73975 | Pan      | Found Mukesuu's Book Shoppe.
 73982 | Pan      | Noticed Mukesuu the pandemonium lord
 73985 | Pan      | Found an opulent altar of Gozag.
 73985 | Pan      | Killed Mukesuu the pandemonium lord
 73987 | Pan      | Found Mukesuu's Demonic Rune Market.
 74476 | Pan      | Lost mutation: You are partially covered in iridescent
                  | scales. (AC +2) [a neqoxec]
 74734 | Pan      | Gained mutation: You occasionally lose the ability to read
                  | scrolls when taking damage. [a neqoxec]
 74826 | Pan      | Upgraded the game from 0.31-a0-408-gb642c7f9a3 to
                  | 0.31-a0-426-g3a05650e59
 74826 | Pan      | Bought a demonic rune of Zot for 5880 gold pieces
 74843 | Pan      | Bought the ring "Cysiasi" {rF+ rC++ Int+4 Stlth-} for 791
                  | gold pieces
 74850 | Pan      | Learned a level 4 spell: Passage of Golubria
 74862 | Pan      | Bought a book of Blasting for 560 gold pieces
 74867 | Pan      | Learned a level 4 spell: Fulminant Prism
 74876 | Pan      | Noticed Itri the pandemonium lord
 74879 | Pan      | Killed Itri the pandemonium lord
 74882 | Pan      | Reached skill level 1 in Hexes
 74883 | Pan      | Reached skill level 1 in Conjurations
 75532 | Pan      | Noticed Cakil the pandemonium lord
 75536 | Pan      | Killed Cakil the pandemonium lord
 76843 | Pan      | Noticed Xyqasim the pandemonium lord
 76974 | Pan      | Noticed Tueroim the pandemonium lord
 76983 | Pan      | Killed Tueroim the pandemonium lord
 76984 | Pan      | Reached skill level 10 in Fire Magic
 77098 | Pan      | Found a transporter.
 77098 | Pan      | Found a transporter.
 77100 | Pan      | Found a transporter.
 77124 | Pan      | Found a transporter.
 77147 | Pan      | Found a transporter.
 77159 | Pan      | Identified the amulet of Etissuy {Reflect rN+ SH+5}
 77160 | Pan      | Identified the +2 cloak of Paranoia {rF+ rN+}
 77314 | Pan      | Found an exit through the horrors of the Abyss.
 77437 | Pan      | Noticed Ignacio
 77441 | Pan      | Killed Ignacio
 77442 | Pan      | Reached skill level 5 in Hexes
 77601 | Pan      | Identified the +9 scimitar of the Secret Scars {pain, rPois
                  | rF+}
 78017 | Pan      | Noticed Ycaloudd the pandemonium lord
 78025 | Pan      | Killed Ycaloudd the pandemonium lord
 78177 | Pan      | Entered the realm of Lom Lobon.
 78177 | Pan      | Noticed Lom Lobon
 78194 | Pan      | Killed Lom Lobon
 78321 | Pan      | Got a magical rune of Zot
 78502 | Pan      | Reached skill level 15 in Invocations
 78767 | Pan      | Found an exit through the horrors of the Abyss.
 79253 | Pan      | Noticed Satiople the pandemonium lord
 79276 | Pan      | Entered the realm of Cerebov.
 79280 | Pan      | Found the +6 sword of Cerebov {flame}
 79280 | Pan      | Noticed Cerebov
 80182 | Pan      | Killed Cerebov
 80231 | Pan      | Identified the ring of Juitheu {Wiz rPois Dex+2 Stlth+}
 80460 | Pan      | Got a fiery rune of Zot
 80584 | Pan      | Learned a level 8 spell: Ignition
 80585 | Pan      | Found an exit through the horrors of the Abyss.
 80692 | Pan      | 2 pan lords down
 80692 | Pan      | I learned that you can spawn right next to the pan lord -
                  | happened with lom lobom and cerebov
 80692 | Pan      | The worst was a random panlord with antimagic touch, blink
                  | close, and sky high ev (75% chance to evade)
 80995 | Pan      | Noticed Tisseof the pandemonium lord
 81127 | Pan      | Found an exit through the horrors of the Abyss.
 81280 | Pan      | Reached skill level 5 in Conjurations
 81287 | Pan      | Found an exit through the horrors of the Abyss.
 81292 | Pan      | Found a runed translucent door.
 81310 | Pan      | Found a runed translucent door.
 81310 | Pan      | Found a runed translucent door.
 81404 | Pan      | Noticed Qahotwy the pandemonium lord
 81407 | Pan      | Killed Qahotwy the pandemonium lord
 81544 | Pan      | Found a runed translucent door.
 81562 | Pan      | Entered the realm of Gloorx Vloq.
 81586 | Pan      | Identified the +6 shortbow "Impbane" {speed, +Blink rN+++
                  | Str-5 Dex-3}
 81714 | Pan      | Identified the amulet "Duhextuj" {RegenMP Harm +Inv Str+4
                  | Int-4}
 81832 | Pan      | Noticed Gloorx Vloq
 81838 | Pan      | Killed Gloorx Vloq
 81859 | Pan      | Got a dark rune of Zot
 81986 | Pan      | Found an exit through the horrors of the Abyss.
 82397 | Pan      | Entered the realm of Mnoleg.
 82403 | Pan      | Noticed Mnoleg
 82422 | Pan      | Reached skill level 15 in Fire Magic
 82504 | Pan      | Lost mutation: Your spells are a little harder to cast, but
                  | a little more powerful. [a neqoxec]
 82534 | Pan      | Gained mutation: You sometimes lose the ability to read
                  | scrolls when taking damage. [a cacodemon]
 82557 | Pan      | Killed Mnoleg
 82567 | Pan      | Got a glowing rune of Zot
 82610 | Pan      | Reached skill level 10 in Evocations
 82613 | Pan      | Noticed Lionut the pandemonium lord
 82614 | Pan      | Identified the +8 quarterstaff of the Howling Gods {drain,
                  | rPois}
 82616 | Pan      | Killed Lionut the pandemonium lord
 82775 | Pan      | Lost mutation: You are clumsy. (Dex -2) [potion of
                  | mutation]
 82775 | Pan      | Lost mutation: You sometimes lose the ability to read
                  | scrolls when taking damage. [potion of mutation]
 82775 | Pan      | Lost mutation: You occasionally lose the ability to read
                  | scrolls when taking damage. [potion of mutation]
 82775 | Pan      | Gained mutation: Your flesh is cold resistant. (rC+)
                  | [potion of mutation]
 82775 | Pan      | Gained mutation: You are robust. (+10% HP) [potion of
                  | mutation]
 83604 | Pan      | Found an exit through the horrors of the Abyss.
 84100 | Pan      | Noticed Fefigab the pandemonium lord
 84103 | Pan      | Killed Fefigab the pandemonium lord
 84404 | Pan      | Found an exit through the horrors of the Abyss.
 84904 | Pan      | Noticed Laukhlos the pandemonium lord
 84915 | Pan      | Killed Laukhlos the pandemonium lord
 85057 | Pan      | Found an exit through the horrors of the Abyss.
 85210 | Pan      | Gained mutation: You are dopey. (Int -2) [a cacodemon]
 86306 | Pan      | Noticed Yjoneh the pandemonium lord
 86310 | Pan      | Killed Yjoneh the pandemonium lord
 86843 | Pan      | Found a transporter.
 86977 | Pan      | Found an exit through the horrors of the Abyss.
 87061 | Pan      | Found a transporter.
 87509 | Pan      | Identified the amulet of Asinil {rPois Regen+ Str+4}
 87515 | Pan      | Identified the ring "Fekkiggyhu" {Ice +Blink rElec Will+}
 87516 | Pan      | Identified the ring of the Heavens {rElec rC- Str+6 Int+2}
 87833 | Pan      | Found a runed translucent door.
 88132 | Pan      | Found an exit through the horrors of the Abyss.
 88665 | Pan      | Noticed Risut the pandemonium lord
 88671 | Pan      | Killed Risut the pandemonium lord
 88877 | Pan      | Found an exit through the horrors of the Abyss.
 88996 | Pan      | Noticed Xoizuax the pandemonium lord
 89000 | Pan      | Killed Xoizuax the pandemonium lord
 89291 | Pan      | Took an exit into the Abyss.
 89291 | Abyss:3  | Escaped into the Abyss
 89298 | Depths:2 | Escaped the Abyss
 89520 | Orc:2    | Bought a condenser vane for 800 gold pieces
 90153 | Tar:1    | Entered Level 1 of Tartarus
 90647 | Tar:3    | Noticed an ancient lich
 90651 | Tar:3    | Killed an ancient lich
 90652 | Tar:3    | Reached skill level 15 in Spellcasting
 92074 | Tar:7    | Entered Level 7 of Tartarus
 92532 | Tar:7    | Identified the staff "Oton" {rC+ MP+9 Stlth+ Ice}
 92725 | Tar:7    | Identified the ring "Wibav" {Wiz Dex+4}
 92762 | Tar:7    | Noticed a dread lich
 92762 | Tar:7    | Noticed a dread lich
 92763 | Tar:7    | Killed a dread lich
 92765 | Tar:7    | Killed a dread lich
 92774 | Tar:7    | Identified the +0 pair of gloves of the Realm of Zot {rC+}
 92918 | Tar:7    | Identified the ring of Prescription {Ice Str+6}
 93060 | Tar:7    | Noticed a dread lich
 93062 | Tar:7    | Killed a dread lich
 93199 | Tar:7    | Identified the +6 scimitar "Iwkut" {spect, rCorr Int+2
                  | Dex+3}
 93247 | Tar:7    | Identified the +4 great sword "Embalmer" {flame, rPois rC-
                  | rN+ Int+3}
 93251 | Tar:7    | Identified the ring "Qonuhofo" {Fire rPois}
 93479 | Tar:7    | Noticed Ereshkigal
 93576 | Tar:7    | Noticed the Serpent of Hell
 93582 | Tar:7    | Killed the Serpent of Hell
 93664 | Tar:7    | Noticed a dread lich
 93665 | Tar:7    | Killed a dread lich
 93690 | Tar:7    | Killed Ereshkigal
 93818 | Tar:7    | Got a bone rune of Zot
 93990 | Geh:1    | Entered Level 1 of Gehenna
 94804 | Geh:5    | Reached skill level 15 in Evocations
 94909 | Geh:5    | Noticed a dread lich
 94909 | Geh:5    | Killed a dread lich
 95291 | Geh:7    | Entered Level 7 of Gehenna
 95753 | Geh:7    | Identified the amulet of Etysuts {Spirit rF+}
 95922 | Geh:7    | Found the +13 sceptre of Asmodeus
 95922 | Geh:7    | Noticed Asmodeus
 95927 | Geh:7    | Killed Asmodeus
 95981 | Geh:7    | Got an obsidian rune of Zot
 95984 | Geh:7    | Identified the staff "Tormentor" {rN+ Int+3 Necro}
 95985 | Geh:7    | Identified the +7 shortbow "Jiriyr" {flame, rF+ Int+4
                  | Stlth-}
 96558 | Coc:1    | Entered Level 1 of Cocytus
 96919 | Coc:4    | Noticed a dread lich
 96920 | Coc:4    | Killed a dread lich
 96957 | Coc:4    | You fall into a shaft and drop 2 floors!
 97200 | Coc:7    | Entered Level 7 of Cocytus
 98111 | Coc:7    | Identified the ring of Inicege {Drain rPois Int+6 SInv}
 98134 | Coc:7    | Paralysed by a wendigo for 1 turns
 98213 | Coc:7    | Noticed Antaeus
 98224 | Coc:7    | Killed Antaeus
 98228 | Coc:7    | Got an icy rune of Zot
 98239 | Coc:7    | Identified the +4 war axe "Ogeats" {vamp, rN+ Str+3}
 98645 | Dis:1    | Entered Level 1 of the Iron City of Dis
 99469 | Dis:3    | Noticed an ancient lich
 99470 | Dis:3    | Killed an ancient lich
 99543 | Dis:4    | Noticed a dread lich
 99543 | Dis:4    | Noticed an ancient lich
 99543 | Dis:4    | Noticed a dread lich
 99544 | Dis:4    | Killed a dread lich
 99545 | Dis:4    | Killed a dread lich
 99546 | Dis:4    | Killed an ancient lich
 99547 | Dis:4    | Noticed an ancient lich
 99548 | Dis:4    | Noticed an ancient lich
 99548 | Dis:4    | Noticed an ancient lich
 99548 | Dis:4    | Killed an ancient lich
 99548 | Dis:4    | Killed an ancient lich
 99552 | Dis:4    | Killed an ancient lich
100120 | Dis:7    | Entered Level 7 of the Iron City of Dis
100179 | Dis:7    | Noticed a dread lich
100180 | Dis:7    | Killed a dread lich
100213 | Dis:7    | Noticed a juggernaut
100215 | Dis:7    | Killed a juggernaut
100514 | Dis:7    | Noticed a juggernaut
100518 | Dis:7    | Killed a juggernaut
100554 | Dis:7    | Identified the amulet of Wiongo {Acrobat Harm Int+2 Dex-5}
101002 | Dis:7    | Noticed Dispater
101004 | Dis:7    | Killed Dispater
101004 | Dis:7    | Noticed a juggernaut
101008 | Dis:7    | Killed a juggernaut
101068 | Dis:7    | Got an iron rune of Zot
101295 | Zig:1    | Entered Level 1 of a ziggurat
101307 | Zig:2    | Entered Level 2 of a ziggurat
101324 | Zig:3    | Entered Level 3 of a ziggurat
101350 | Zig:4    | Entered Level 4 of a ziggurat
101375 | Zig:5    | Entered Level 5 of a ziggurat
101376 | Zig:5    | Noticed Juasye the pandemonium lord
101380 | Zig:5    | Killed Juasye the pandemonium lord
101453 | Zig:6    | Entered Level 6 of a ziggurat
101480 | Zig:6    | Identified the +10 demon whip "Tomne" {freeze, Str-3 Dex+6}
101484 | Zig:7    | Entered Level 7 of a ziggurat
101539 | Zig:7    | Identified the staff "Wizukaif" {rElec rF+ rN++ Will- Str+2
                  | Air}
101543 | Zig:8    | Entered Level 8 of a ziggurat
101552 | Zig:8    | Reached skill level 5 in Transmutations
101571 | Zig:8    | Identified the staff of the Uplifting Gods {rElec rF+ Str+2
                  | Fire}
101580 | Zig:9    | Entered Level 9 of a ziggurat
101587 | Zig:9    | Paralysed by an air elemental for 1 turns
101591 | Zig:9    | Found the +1 robe of Vines {NoPotionHeal Regen++++}
101593 | Zig:9    | Found the ring of the Tortoise {AC+8}
101607 | Zig:9    | Identified the +8 scale mail of the Land of Plenty {rF+
                  | rC++}
101648 | Zig:9    | Learned a level 5 spell: Yara's Violent Unravelling
101649 | Zig:10   | Entered Level 10 of a ziggurat
101655 | Zig:10   | Noticed juan097's ghost (legendary OpSh)
101667 | Zig:10   | Killed juan097's ghost
101680 | Zig:10   | Identified the +4 leather armour of Charity {rF+ Int+4}
101681 | Zig:10   | Identified the +3 orcbow of the Ancients {freeze, rElec
                  | rN+}
101693 | Zig:11   | Entered Level 11 of a ziggurat
101702 | Zig:11   | Noticed Nuiseqof the pandemonium lord
101708 | Zig:11   | Noticed Ento Xoa the pandemonium lord
101708 | Zig:11   | Killed Ento Xoa the pandemonium lord
101713 | Zig:11   | Killed Nuiseqof the pandemonium lord
101714 | Zig:11   | Reached skill level 15 in Dodging
101739 | Zig:11   | Got the Guidebook on the Coals
101745 | Zig:11   | Got the Handbook of the Congregated Switch
101747 | Zig:11   | Identified the +7 shortbow "Ruejeokh" {antimagic, Will++
                  | Str+2}
101792 | Zig:11   | Learned a level 9 spell: Fire Storm
101793 | Zig:12   | Entered Level 12 of a ziggurat
101800 | Zig:12   | Noticed Utrengu the pandemonium lord
101810 | Zig:12   | Killed Utrengu the pandemonium lord
102008 | Zig:13   | Entered Level 13 of a ziggurat
102019 | Zig:13   | Noticed Vosto the pandemonium lord
102028 | Zig:13   | Killed Vosto the pandemonium lord
102125 | Zig:13   | Identified the +5 short sword "Vuqyel" {pain, Fragile rPois
                  | MP+9 Stlth+}
102160 | Zig:14   | Entered Level 14 of a ziggurat
102227 | Zig:14   | Identified the +5 great mace of Malum In Se {freeze, Will+
                  | Str+2 Stlth+}
102298 | Zig:15   | Entered Level 15 of a ziggurat
102311 | Zig:15   | Noticed Ziuthast the pandemonium lord
102314 | Zig:15   | Killed Ziuthast the pandemonium lord
102391 | Zig:15   | Identified the ring of Qess {rN+ Str-5 Dex+4}
102455 | Zig:16   | Entered Level 16 of a ziggurat
102504 | Zig:16   | Identified the amulet of Coidas {RegenMP Dex+7}
102564 | Zig:17   | Entered Level 17 of a ziggurat
102582 | Zig:17   | Reached skill level 10 in Transmutations
102583 | Zig:17   | Reached skill level 10 in Conjurations
102585 | Zig:17   | Paralysed by a wendigo for 1 turns
102775 | Zig:17   | Identified the +8 mace of Kumeumu {drain, Fragile rF++ rC+
                  | rN+}
102779 | Zig:17   | Identified the +6 dagger of Valour {vamp, Drain rElec rN+++
                  | MP+9}
102780 | Zig:17   | Identified the +6 scale mail of the Jabberwock {-Tele
                  | Will+++ rCorr SInv}
102781 | Zig:17   | Identified the staff "Ytagrimm" {*Corrode rElec Will+++
                  | Int-5 Earth}
102782 | Zig:17   | Identified the +4 rapier of Viep {protect, Stlth+}
102854 | Zig:17   | Lost mutation: You are dopey. (Int -2) [potion of mutation]
102854 | Zig:17   | Lost mutation: You are weak. (Str -2) [potion of mutation]
102854 | Zig:17   | Lost mutation: You are robust. (+10% HP) [potion of
                  | mutation]
102854 | Zig:17   | Gained mutation: You sometimes lose your temper in combat.
                  | [potion of mutation]
102854 | Zig:17   | Gained mutation: You have large cloven feet. [potion of
                  | mutation]
102855 | Zig:17   | Lost mutation: You have large cloven feet. [potion of
                  | mutation]
102855 | Zig:17   | Lost mutation: Your flesh is cold resistant. (rC+) [potion
                  | of mutation]
102855 | Zig:17   | Gained mutation: You occasionally lose the ability to read
                  | scrolls when taking damage. [potion of mutation]
102855 | Zig:17   | Gained mutation: You have a somewhat thin skeletal
                  | structure. (Dex +2, Stealth+) [potion of mutation]
102855 | Zig:17   | Gained mutation: You are robust. (+10% HP) [potion of
                  | mutation]
102856 | Zig:17   | Lost mutation: You have a somewhat thin skeletal structure.
                  | (Dex +2, Stealth+) [potion of mutation]
102856 | Zig:17   | Lost mutation: You are robust. (+10% HP) [potion of
                  | mutation]
102856 | Zig:17   | Gained mutation: You are weak. (Str -2) [potion of
                  | mutation]
102857 | Zig:17   | Lost mutation: You sometimes lose your temper in combat.
                  | [potion of mutation]
102857 | Zig:17   | Lost mutation: You occasionally lose the ability to read
                  | scrolls when taking damage. [potion of mutation]
102857 | Zig:17   | Lost mutation: You are weak. (Str -2) [potion of mutation]
102857 | Zig:17   | Gained mutation: Your magical capacity is low. (-10% MP)
                  | [potion of mutation]
102857 | Zig:17   | Gained mutation: You are agile. (Dex +4, Str/Int -1)
                  | [potion of mutation]
102857 | Zig:17   | Gained mutation: You have a pair of small antennae on your
                  | head. [potion of mutation]
102857 | Zig:17   | Gained mutation: Your skin changes colour to match your
                  | surroundings (Stealth+). [potion of mutation]
102858 | Zig:17   | Lost mutation: You have a pair of small antennae on your
                  | head. [potion of mutation]
102858 | Zig:17   | Lost mutation: You are agile. (Dex +4, Str/Int -1) [potion
                  | of mutation]
102858 | Zig:17   | Gained mutation: You are weak. (Str -2) [potion of
                  | mutation]
102858 | Zig:17   | Gained mutation: You occasionally lose the ability to read
                  | scrolls when taking damage. [potion of mutation]
102858 | Zig:17   | Gained mutation: You are agile. (Dex +4, Str/Int -1)
                  | [potion of mutation]
102858 | Zig:17   | Gained mutation: You are robust. (+10% HP) [potion of
                  | mutation]
102859 | Zig:17   | Lost mutation: Your skin changes colour to match your
                  | surroundings (Stealth+). [potion of mutation]
102859 | Zig:17   | Lost mutation: You are agile. (Dex +4, Str/Int -1) [potion
                  | of mutation]
102859 | Zig:17   | Lost mutation: You are robust. (+10% HP) [potion of
                  | mutation]
102859 | Zig:17   | Gained mutation: You sometimes lose your temper in combat.
                  | [potion of mutation]
102859 | Zig:17   | Gained mutation: You have large cloven feet. [potion of
                  | mutation]
102860 | Zig:17   | Lost mutation: Your magical capacity is low. (-10% MP)
                  | [potion of mutation]
102860 | Zig:17   | Lost mutation: You occasionally lose the ability to read
                  | scrolls when taking damage. [potion of mutation]
102860 | Zig:17   | Lost mutation: You are weak. (Str -2) [potion of mutation]
102860 | Zig:17   | Gained mutation: Your body sometimes deteriorates upon
                  | taking damage. [potion of mutation]
102860 | Zig:17   | Gained mutation: Your movements are slightly less
                  | encumbered by armour. (ER -2) [potion of mutation]
102861 | Zig:17   | Lost mutation: You have large cloven feet. [potion of
                  | mutation]
102861 | Zig:17   | Lost mutation: Your body sometimes deteriorates upon taking
                  | damage. [potion of mutation]
102861 | Zig:17   | Gained mutation: You passively map a small area around you.
                  | [potion of mutation]
102861 | Zig:17   | Gained mutation: You are clumsy. (Dex -2) [potion of
                  | mutation]
102861 | Zig:17   | Gained mutation: Your natural rate of healing is unusually
                  | fast. [potion of mutation]
102862 | Zig:17   | Lost mutation: You sometimes lose your temper in combat.
                  | [potion of mutation]
102862 | Zig:17   | Lost mutation: You are clumsy. (Dex -2) [potion of
                  | mutation]
102862 | Zig:17   | Gained mutation: You have sharp toenails. [potion of
                  | mutation]
102872 | Zig:18   | Entered Level 18 of a ziggurat
102972 | Zig:18   | Found the +8 longbow "Zephyr" {speed, Dex+3 SInv}
103002 | Zig:18   | Identified the +5 morningstar of Riokhlee {flame, *Rage
                  | rPois rF+++ rCorr}
103008 | Zig:18   | Identified the +1 quarterstaff of the Spectre {freeze,
                  | SInv}
103012 | Zig:18   | Identified the staff "Ebocsoc" {rF+ rN+ Necro}
103077 | Zig:19   | Entered Level 19 of a ziggurat
103197 | Zig:19   | Identified the staff "Barchyan" {*Corrode rElec rF+ rC-
                  | Str+8 Fire}
103205 | Zig:19   | Identified the +9 rapier of Qaqoerph {speed, Stlth+}
103285 | Zig:20   | Entered Level 20 of a ziggurat
103346 | Zig:20   | Gained mutation: You possess an exceptional clarity of
                  | mind. [a shining eye]
103429 | Zig:20   | Found the +2 shield of Resistance {rF++ rC++ Will++}
103451 | Zig:21   | Entered Level 21 of a ziggurat
103518 | Zig:21   | Identified the ring of the Real Monster {Str+6 Dex+6}
103521 | Zig:21   | Identified the +0 ring mail of Noico {rC++ rN+ Dex+2}
103522 | Zig:21   | Identified the staff "Hynguc" {rPois rF+ SInv Fire}
103523 | Zig:21   | Identified the +3 storm dragon scales of Irchasunt {+Inv
                  | rElec rF- SInv}
103538 | Zig:21   | Upgraded the game from 0.31-a0-426-g3a05650e59 to
                  | 0.31-a0-431-g88bdf31460
103545 | Zig:21   | Identified the +7 trident of the Moth {drain, rElec rCorr
                  | Dex+2}
103546 | Zig:21   | Identified the +6 war axe of Xaimenag {antimagic, rC+ Will+
                  | Str-5 Int+2}
103550 | Zig:21   | Identified the +7 hand axe of a bailey {pain, Stlth+}
103553 | Zig:21   | Identified the +9 hand crossbow of Vietok {heavy, rElec
                  | rC++ Will- SInv}
103614 | Zig:22   | Entered Level 22 of a ziggurat
103665 | Zig:22   | Found the +3 pair of seven-league boots {Rampage+∞}
103665 | Zig:22   | Found the +8 Wrath of Trog {antimagic, *Rage Rampage}
103679 | Zig:22   | Identified the +1 mace "Heucargha" {freeze, Dex+3}
103687 | Zig:22   | Identified the ring of the Everdark {rPois rC+ rN+ Will+
                  | Dex+3}
103715 | Zig:22   | Identified the staff "Peskoih" {rC+ Will++ MP+9 Int-4
                  | Earth}
103716 | Zig:22   | Identified the staff of Tenacity {rF+ rN+ Str-3 SInv Necro}
103804 | Zig:23   | Entered Level 23 of a ziggurat
103832 | Zig:23   | Reached skill level 27 in Spellcasting
104014 | Zig:23   | Identified the ring "Oliqeoge" {Ice Str+2 Int+2}
104021 | Zig:23   | Identified the staff "Dowav" {rN+ Will+ Str+3 Int+3 Dex+3
                  | Necro}
104023 | Zig:23   | Identified the ring "Qiukh" {rCorr Str+6}
104031 | Zig:23   | Identified the +6 flail "Wogh" {speed, rCorr Str+4}
104115 | Zig:24   | Entered Level 24 of a ziggurat
104126 | Zig:24   | Noticed a royal mummy
104130 | Zig:24   | Killed a royal mummy
104131 | Zig:24   | Reached skill level 27 in Translocations
104133 | Zig:24   | Noticed a royal mummy
104133 | Zig:24   | Noticed a royal mummy
104136 | Zig:24   | Killed a royal mummy
104137 | Zig:24   | Killed a royal mummy
104137 | Zig:24   | Noticed a royal mummy
104137 | Zig:24   | Noticed a royal mummy
104138 | Zig:24   | Killed a royal mummy
104141 | Zig:24   | Noticed a royal mummy
104143 | Zig:24   | Noticed a royal mummy
104146 | Zig:24   | Killed a royal mummy
104150 | Zig:24   | Noticed a royal mummy
104150 | Zig:24   | Noticed a royal mummy
104150 | Zig:24   | Noticed a royal mummy
104158 | Zig:24   | Killed a royal mummy
104158 | Zig:24   | Killed a royal mummy
104160 | Zig:24   | Killed a royal mummy
104161 | Zig:24   | Killed a royal mummy
104163 | Zig:24   | Noticed a royal mummy
104164 | Zig:24   | Killed a royal mummy
104170 | Zig:24   | Killed a royal mummy
104187 | Zig:24   | Zig 24 was the first one that had me worried. Death curses
                  | are no joke on this build.
104257 | Zig:24   | Identified the +9 great sword of Qoisosche {freeze, Str+5
                  | Int+6 Dex-4}
104258 | Zig:24   | Identified the +6 short sword of Iwealid {drain, *Slow
                  | Fragile Will+ Str+5}
104264 | Zig:24   | Identified the +4 great mace of Autumn {drain, rF+ rN+
                  | Str+2 Dex+3}
104272 | Zig:24   | Identified the amulet "Licac" {Acrobat Fly Str+4}
104281 | Zig:24   | Identified the ring "Hero's Friend" {rElec EV+5 Dex+3}
104379 | Zig:25   | Entered Level 25 of a ziggurat
104743 | Zig:25   | throwing and my huge stash of large rocks kicked but on dis
                  | zig floor -- otherwise not enough mana
104879 | Zig:25   | Identified the +7 war axe "Worm's Wrath" {antimagic, rElec
                  | rF+}
104879 | Zig:25   | Found the +0 mask of the Dragon {Will+ Slay+3 SInv}
104905 | Zig:25   | Identified the +3 dagger "Ihiffosi" {holy, rC+ Str+3 Dex+2}
104912 | Zig:25   | Got the Lectures on Hurtful Topology
104917 | Zig:25   | Identified the +4 arbalest of Fonim {drain, +Blink rF+
                  | Str+3 Dex-4 Stlth+}
104918 | Zig:25   | Identified the amulet of the Solemn God {Faith Fragile
                  | rElec rPois rCorr}
104919 | Zig:25   | Identified the +2 robe of Limited Liability {Str+6}
105088 | Zig:26   | Entered Level 26 of a ziggurat
105116 | Zig:26   | Noticed Vucvoss the pandemonium lord
105117 | Zig:26   | Noticed Pokhlang the pandemonium lord
105118 | Zig:26   | Noticed Laxiobeh the pandemonium lord
105119 | Zig:26   | Noticed Yzxorhuux the pandemonium lord
105128 | Zig:26   | Killed Laxiobeh the pandemonium lord
105129 | Zig:26   | Killed Pokhlang the pandemonium lord
105137 | Zig:26   | Killed Vucvoss the pandemonium lord
105147 | Zig:26   | Noticed Qaefodiabb the pandemonium lord
105148 | Zig:26   | Killed Qaefodiabb the pandemonium lord
105150 | Zig:26   | Noticed Xafeck the pandemonium lord
105150 | Zig:26   | Noticed Pirann the pandemonium lord
105150 | Zig:26   | Noticed Geiz the pandemonium lord
105151 | Zig:26   | Noticed Eneeh the pandemonium lord
105155 | Zig:26   | Noticed Yfamnut the pandemonium lord
105160 | Zig:26   | Killed Xafeck the pandemonium lord
105162 | Zig:26   | Killed Eneeh the pandemonium lord
105164 | Zig:26   | Killed Yzxorhuux the pandemonium lord
105165 | Zig:26   | Noticed Xaedoaka the pandemonium lord
105166 | Zig:26   | Killed Pirann the pandemonium lord
105169 | Zig:26   | Killed Xaedoaka the pandemonium lord
105169 | Zig:26   | Noticed Reppuwa the pandemonium lord
105170 | Zig:26   | Noticed Kireofemm the pandemonium lord
105171 | Zig:26   | Noticed Boaneu Huiza the pandemonium lord
105172 | Zig:26   | Killed Geiz the pandemonium lord
105173 | Zig:26   | Killed Yfamnut the pandemonium lord
105187 | Zig:26   | Killed Kireofemm the pandemonium lord
105191 | Zig:26   | Killed Reppuwa the pandemonium lord
105194 | Zig:26   | Killed Boaneu Huiza the pandemonium lord
105264 | Zig:26   | Identified the +6 trident of Zuppotej {drain, Dex+4}
105266 | Zig:26   | Identified the +5 sling of the Final Violins {freeze, *Slow
                  | MP+9 Str+7}
105275 | Zig:26   | Identified the +0 scale mail of the Gravedigger {Harm rN+
                  | Regen+ Str-2}
105279 | Zig:26   | Identified the +0 scale mail of the Jolly Thickets {rC++
                  | rCorr Str-4 Int+3}
105281 | Zig:26   | Identified the staff "Aheall" {*Slow rC+ Int+4 Ice}
105289 | Zig:26   | Identified the staff "Geixkahy" {rN+ Will+ Necro}
105295 | Zig:26   | Identified the ring of Xom's Whimsicality {EV+5 Int+4
                  | Dex-3}
105466 | Zig:26   | pan floor -- felt scary but never dipped that low.
105467 | Zig:27   | Entered Level 27 of a ziggurat
105479 | Zig:27   | Noticed a dread lich
105483 | Zig:27   | Killed a dread lich
105484 | Zig:27   | Noticed a dread lich
105486 | Zig:27   | Killed a dread lich
105531 | Zig:27   | Noticed an ancient lich
105535 | Zig:27   | Noticed a dread lich
105537 | Zig:27   | Killed an ancient lich
105539 | Zig:27   | Killed a dread lich
105593 | Zig:27   | Identified the staff of Fate {Str+4 Int+4 Conj}
105598 | Zig:27   | Identified the ring of Curiosity {rPois rF+ Str+6 Stlth+}
105616 | Zig:27   | Identified the +3 eveningstar of the Wilderness {flame,
                  | Dex+2}
105798 | Zig:27   | Identified the +14 crystal plate armour "Ydihis" {MP+9
                  | Str+6 Int-3}
106256 | Tomb:1   | Noticed a royal mummy
106263 | Tomb:1   | Killed a royal mummy
106307 | Tomb:1   | Noticed a royal mummy
106310 | Tomb:1   | Killed a royal mummy
106436 | Tomb:1   | Identified the +8 glaive of Norch {freeze, rElec rN+ Will-
                  | Dex+3}
106660 | Tomb:2   | Noticed a royal mummy
106664 | Tomb:2   | Killed a royal mummy
106669 | Tomb:2   | Noticed a royal mummy
106671 | Tomb:2   | Killed a royal mummy
106675 | Tomb:2   | Noticed a royal mummy
106675 | Tomb:2   | Noticed a royal mummy
106677 | Tomb:2   | Killed a royal mummy
106677 | Tomb:2   | Killed a royal mummy
107113 | Tomb:1   | Noticed a royal mummy
107114 | Tomb:1   | Noticed a royal mummy
107117 | Tomb:1   | Killed a royal mummy
107117 | Tomb:1   | Killed a royal mummy
107120 | Tomb:1   | Noticed a royal mummy
107122 | Tomb:1   | Killed a royal mummy
107168 | Tomb:1   | Noticed a royal mummy
107172 | Tomb:1   | Killed a royal mummy
107173 | Tomb:1   | Noticed a royal mummy
107178 | Tomb:1   | Killed a royal mummy
107273 | Tomb:1   | Noticed a royal mummy
107275 | Tomb:1   | Killed a royal mummy
107278 | Tomb:1   | Noticed a royal mummy
107278 | Tomb:1   | Noticed a royal mummy
107280 | Tomb:1   | Killed a royal mummy
107284 | Tomb:1   | Killed a royal mummy
107367 | Tomb:1   | Noticed a royal mummy
107369 | Tomb:1   | Killed a royal mummy
107421 | Tomb:1   | Noticed a royal mummy
107421 | Tomb:1   | Noticed a royal mummy
107424 | Tomb:1   | Killed a royal mummy
107424 | Tomb:1   | Killed a royal mummy
107437 | Tomb:1   | Noticed a royal mummy
107438 | Tomb:1   | Killed a royal mummy
107477 | Tomb:1   | Noticed a royal mummy
107480 | Tomb:1   | Killed a royal mummy
107500 | Tomb:1   | Noticed a royal mummy
107503 | Tomb:1   | Killed a royal mummy
107506 | Tomb:1   | Noticed a royal mummy
107512 | Tomb:1   | Noticed a royal mummy
107512 | Tomb:1   | Killed a royal mummy
107514 | Tomb:1   | Killed a royal mummy
107578 | Tomb:1   | Noticed a royal mummy
107584 | Tomb:1   | Killed a royal mummy
107954 | Tomb:2   | Learned a level 1 spell: Apportation
107959 | Tomb:2   | Learned a level 4 spell: Leda's Liquefaction
107970 | Tomb:3   | Entered Level 3 of the Tomb of the Ancients
108044 | Tomb:3   | Noticed a royal mummy
108045 | Tomb:3   | Killed a royal mummy
108046 | Tomb:3   | Noticed a royal mummy
108047 | Tomb:3   | Killed a royal mummy
108047 | Tomb:3   | Noticed a royal mummy
108049 | Tomb:3   | Noticed a royal mummy
108050 | Tomb:3   | Killed a royal mummy
108052 | Tomb:3   | Noticed a royal mummy
108053 | Tomb:3   | Killed a royal mummy
108054 | Tomb:3   | Killed a royal mummy
108055 | Tomb:3   | Noticed a royal mummy
108057 | Tomb:3   | Killed a royal mummy
108057 | Tomb:3   | Noticed a royal mummy
108059 | Tomb:3   | Killed a royal mummy
108059 | Tomb:3   | Lost dexterity.
108062 | Tomb:3   | Noticed a royal mummy
108063 | Tomb:3   | Noticed a royal mummy
108064 | Tomb:3   | Killed a royal mummy
108065 | Tomb:3   | Killed a royal mummy
108451 | Tomb:3   | Identified the amulet "Baador" {RegenMP rF- rC+ rN++}
108452 | Tomb:3   | Identified the ring "Ypraxzir" {Fly rPois rF+ rN+}
108488 | Tomb:3   | Identified the scarf of Beogh, Enchanting {shadows, +Blink
                  | Str+6}
108500 | Tomb:3   | Identified the ring of Toter {EV+5 Str+3}
108521 | Tomb:3   | Identified the +4 hand axe of Res Nullius {venom, Int+4}
108540 | Tomb:3   | Identified the +1 chain mail of Rahees {rElec Will++ Int+4}
108592 | Tomb:3   | Got a golden rune of Zot
109080 | D:14     | Voluntarily entered the Abyss.
109101 | Abyss:3  | Found a corrupted altar of Lugonu.
109106 | Abyss:3  | Found a corrupted altar of Lugonu.
109121 | Abyss:3  | Found a corrupted altar of Lugonu.
109905 | D:14     | Escaped the Abyss
110225 | Zot:5    | Noticed a dread lich
110227 | Zot:5    | Killed a dread lich
110299 | Zot:5    | Noticed an orb of fire
110305 | Zot:5    | Killed an orb of fire
110308 | Zot:5    | Identified a scroll of acquirement
110328 | Zot:5    | Acquired 841 gold pieces
110505 | Zot:5    | Noticed an orb of fire
110506 | Zot:5    | Gained mutation: You have a somewhat thin skeletal
                  | structure. (Dex +2, Stealth+) [an orb of fire]
110506 | Zot:5    | Noticed a dread lich
110508 | Zot:5    | Killed a dread lich
110509 | Zot:5    | Noticed an orb of fire
110509 | Zot:5    | Killed an orb of fire
110513 | Zot:5    | Killed an orb of fire
110520 | Zot:5    | Noticed an orb of fire
110522 | Zot:5    | Killed an orb of fire
110604 | Zot:5    | Noticed an ancient lich
110610 | Zot:5    | Killed an ancient lich
111318 | Zot:5    | Got the Orb of Zot
111463 | Depths:2 | Noticed Foaffeh the pandemonium lord
111466 | Depths:2 | Killed Foaffeh the pandemonium lord
111775 | D:5      | Noticed Dawnair the pandemonium lord
111781 | D:5      | Killed Dawnair the pandemonium lord
111901 | D:$      | Escaped with the Orb!

Illustrated notes

..############....####....###
............................#
........##...#..#########.#.#
.#......##...#..# #.#.#
.##.....######..# #.# # .##.#####
#<.# #[# .##.# #..#### #.# #...
.##.# #.....# #.# #.. ..#.# ##
#..8..######.#.#.. ..#.### ..#
#.....##...#.#.#..
......##...###..|####.....#.#.###
.................# #...†.#.#...#
....#.####...#...# ###...#.#...#
#...#.# #...#.### ###.#.#<..#
###.#.# ### #. ######.#.#.###
###.#.# #. ............# ..^...#
.##########.#


Turn 65130 on Crypt:2: Vaults 5 was really rough -- almost died to an invisible
lich casting LDS -- should have read the messages better. ## #. #. #. ###
#################. #..? #.......#.......#. #... #.......#.......'.
#....#.......#.......#. #...'8......'.......## ..'...#.......#.......#. ..##.
#.......#.......'. # #.......#.......#. ###########'########'####
#......#.......#.#...)... #.....##.....##.##...... +......#.....#...#......
#.....##...##...##..... Turn 80692 on Pan: 2 pan lords down
.M.M................▓▓ .MW...............∩..▓ ...M................▓▓
....§.......†.......▓ .M..................▓ ....................▓
....................▓ ...................▓▓ ..............8....▓ .............▓▓
.............▓ ............▓▓ .........#.▓▓ ........##▓▓ ......... , ,......* ,
Turn 104187 on Zig:24: Zig 24 was the first one that had me worried. Death
curses are no joke on this build. ▓▓........ , , , ▓.......... , ▓.......(.. ,
▓......((.. , ▓...((..).. ▓▓(.(((.)(.. , ▓..∩(.((((.. ▓▓.)(.((.(.. ▓8)((((((..
▓÷.(...(... , ▓.......(.. ▓.......(.. , ▓▓)........ , ▓....(.... ▓▓.....###
▓...(.#.#,, , Turn 104743 on Zig:25: throwing and my huge stash of large rocks
kicked but on dis zig floor -- otherwise not enough mana ▓.................
▓................. ▓▓................. ▓.........#...#.... ▓?[.[..............
▓?[?[.............. ▓["=[.............. ▓▓=∩=|).............
▓))8))=............. ▓▓/∩)|?............. ▓...").............
▓|.[)◎............. ▓.................. ▓.........#...#.... ▓▓.................
▓................) ▓................. Turn 105466 on Zig:26: pan floor -- felt
scary but never dipped that low.

Levels and vault maps discovered:
D:1:      eino_arrival_druids_welcome, layout_basic, basic_ecumenical_altar
D:2:      layout_rooms, minmay_small_reverse_x
D:3:      layout_basic, okawaru_ov_weapons_minmay, uniq_natasha
D:4:      layout_gridville, grunt_temple_overflow_open, uniq_blork_the_orc
D:5:      layout_layer_cave, kennysheep_diamond,
          hangedman_abyss_or_decor_stagger
D:6:      layout_loops_corners, lemuel_round_altar,
          nicolae_uskayaw_dance_studio, jmf_multi_god_temple,
          lemuel_flame_loot_1
D:7:      layout_basic, tso_metal_star, nicolae_qazlal_style_of_elements,
          minmay_temple_entry_antechambers, serial_shops,
          nicolae_inconvenience_store,
          hellmonk_guarded_unrand_vitality_bloodlust, uniq_crazy_yiuf_cottage,
          uniq_menkaure, uniq_duvessa
D:8:      layout_loops_ring, dk_yredelemnul_ordeal, david_lair_shrubbed
D:9:      layout_loops_ring, kennysheep_generic_room_6
D:10:     layout_roguey, biasface_ghost_orc_armoury, uniq_josephine
D:11:     layout_stronghold, zombieorc2_lemuel, kennysheep_boxes
D:12:     layout_small_grid, grunt_tough_drop, uniq_fannar
D:13:     layout_basic, serial_rivers, chequers_serial_rivers_large_b,
          chequers_serial_rivers_room_a, chequers_serial_rivers_small_a,
          chequers_serial_rivers_small_b, chequers_serial_rivers_micro_a,
          gammafunk_ghost_ooze
D:14:     layout_long_grid, skrybe_vaults_entry_preservation,
          portal_ice_cave_entry_ugly_swarm, gammafunk_ghost_abyssal_escape,
          brannock_xom_greatest_gift
D:15:     grunt_enter_depths_snipers, layout_cross, minivault_4,
          minmay_misc_feat_diagonals
Lair:1:   layout_cave_pods, serial_forest, infiniplex_forest_lined_room_2,
          infiniplex_forest_clump_curved, infiniplex_forest_lined_room_3,
          infiniplex_forest_straight_3, chequers_serial_rivers_micro_e,
          uniq_joseph, uniq_sonja
Lair:2:   layout_roguey [special_room_bee], grunt_megastairs_2
Lair:3:   layout_big_grid, minmay_shoals_entry_centaurs,
          nicolae_snake_entry_warm_welcome
Lair:4:   layout_big_grid, minmay_slime_entry_oklob_open, beast_lair_carwin_2,
          uniq_snorg
Lair:5:   minmay_lair_end_enchanted_forest, layout_misc_corridors,
          gammafunk_ghost_wrathful_warriors
Shoals:1: layout_shoals, nicolae_shoals_the_drawing_of_the_three
Shoals:2: layout_shoals
Shoals:3: layout_shoals, nicolae_shop_clearance
Shoals:4: shoals_end_hangedman, layout_shoals, shoal_ilsuiw, abandoned_shop,
          uniq_polyphemus
Snake:1:  layout_cave_pods, nicolae_take_the_stairs,
          nicolae_snake_round_shape_thing, drop_trap, evilmike_ambush
          [evilmike_ambush_outer_basic, evilmike_ambush_inner_pond]
Snake:2:  layout_misc_corridors, nicolae_shop_gadgets, lemuel_fruit_tree
Snake:3:  layout_cave_town, gammafunk_ghost_split
Snake:4:  minmay_snake_end_coiled, layout_onion, basic_altar,
          nrook_guardian_serpent_double, uniq_vashnia
Slime:1:  layout_caves
Slime:2:  layout_caves
Slime:3:  layout_caves
Slime:4:  layout_caves
Slime:5:  slime_pit_nicolae_jellycorners
Orc:1:    layout_caves, basic_altar, uniq_erolcha, uniq_urug
Orc:2:    st_orc_elflike, layout_diamond_mine, special_room, serial_shops,
          nicolae_shop_hallway_stairs, uniq_azrael
Elf:1:    nicolae_elf_arrival_dilemma, layout_geoelf_grid,
          portal_desolation_entry_nicolae_slug, hangedman_elf_represent
Elf:2:    elven_hall_of_blades_hangedman_original
          [nicolae_blade_entry_area_security], layout_geoelf_grid, serial_shops,
          shop
Elf:3:    minmay_elf_hall_hex, layout_geoelf_castle, nicolae_danse_macabre,
          uniq_nikola
Vaults:1: ebering_ghost_rock_garden, v_pattern_1,
          nicolae_vaults_border_crossing, nicolae_vaults_wrenched,
          nicolae_vaults_apartment_1, ontoclasm_vaults_decontamination,
          vaults_room_semicircle, hangedman_vaults_corner_blocks,
          nicolae_vaults_house_2, nicolae_vaults_angled_halls, v_alt_pattern_5,
          nicolae_vaults_sightless_eye, nicolae_vaults_back_hallway,
          v_alt_pattern_1, nicolae_vaults_sesquioval_fish,
          nicolae_vaults_house_3, dpeg_vaults_hating_casters,
          nicolae_vaults_trapezoid_4, ontoclasm_vaults_tryst,
          layout_vaults_maze, serial_shops, nicolae_shop_trees, shop
Vaults:2: kennysheep_vaults_gozag_temple, hangedman_vaults_nails,
          vaults_room_hallway, nicolae_vaults_trapezoid_lopsided_1,
          nicolae_vaults_little_squares_2, nicolae_vaults_tetromino_L_2,
          v_misc_25, layout_vaults_quadrants
Vaults:3: minmay_crypt_entry_necro_gods, nicolae_vaults_spaceships,
          vaults_dpeg_doors, ontoclasm_vaults_ligature,
          nicolae_vaults_tetromino_Z_2, v_rooms_4, vaults_room_octagon,
          v_misc_2, v_pattern_2, vaults_standard_mumra_lines,
          nicolae_vaults_specimen_jars, nicolae_vaults_alarming,
          nicolae_vaults_tetromino_Z_1, ontoclasm_vaults_shuriken,
          v_alt_pattern_1, layout_vaults_big_cross
Vaults:4: nicolae_vaults_storage_room_doors, nicolae_vaults_little_squares_4,
          nicolae_vaults_shipping_containers_2, nicolae_vaults_triangles,
          ontoclasm_vaults_idyll, ontoclasm_vaults_eye, ontoclasm_vaults_pinch,
          hangedman_vaults_cutoff, hangedman_vaults_nodes,
          nicolae_vaults_house_1, v_misc_12, v_pattern_3,
          nicolae_vaults_little_ls, nicolae_vaults_diamond_1, v_misc_17,
          layout_vaults_omnibox, serial_shops, shop
Vaults:5: uniq_frederick
Crypt:1:  layout_chaotic_city, uniq_jory
Crypt:2:  layout_misc_corridors, minivault_23, lemuel_elevator
Crypt:3:  grunt_crypt_end_deaths_head
Tomb:1
Tomb:2
Tomb:3
Depths:1: layout_gridville, grunt_mini_vestibule, serial_shops, shop,
          chequers_serial_rivers_micro_e, abyss_entry, minmay_misc_feat_x,
          slow_altar_1, serial_bayou_shore_b
Depths:2: kennysheep_ogre_elephant_herders, layout_cave_shapes,
          grunt_hell_entry_dis_grunt, grunt_pan_entry_spiral,
          infiniplex_staircase_pool_2
Depths:3: minmay_the_grid_octo_tiled_squarecenter
          [minmay_the_grid_octo_thin_diamonds, minmay_the_grid_octo_focus,
          minmay_the_grid_octo_toaster, minmay_the_grid_octo_77,
          minmay_the_grid_square_5x5_megaprize_hollow,
          minmay_the_grid_square_5x5_n_small,
          minmay_the_grid_square_5x5_shrine2,
          minmay_the_grid_square_5x5_one_wall,
          minmay_the_grid_square_5x5_half_checkered], layout_honeycomb,
          minmay_room_of_horrors, nrook_mini_vaults, hell_entry,
          solitary_fountain, uniq_margery
Depths:4: grunt_crosshair, layout_twisted_cross, enter_ziggurat_e,
          hangedman_geh_valley, solitary_fountain, serial_bayou_shore_b,
          minmay_shop_star
Hell
Dis:1:    layout_gridville
Dis:2:    layout_subdivisions, nicolae_dis_metal_dragon_surprise
Dis:3:    layout_regular_city
Dis:4:    layout_regular_city, nicolae_dis_liches_on_tour
Dis:5:    layout_regular_city
Dis:6:    layout_subdivisions
Dis:7:    dis_hangedman
Geh:1:    layout_gehenna_lava_caves
Geh:2:    layout_gehenna_pools_triple
Geh:3:    layout_gehenna_pools_triple
Geh:4:    layout_gehenna_pools_box
Geh:5:    nicolae_hells_demon_pit, layout_gehenna_pools_triple
Geh:6:    layout_gehenna_pools_box
Geh:7:    geh_grunt_pentagon
Coc:1:    layout_cocytus_water_paths
Coc:2:    layout_cocytus_water_paths
Coc:3:    layout_ice_bergs, serial_ice, serial_ice_m, serial_ice_d
Coc:4:    layout_ice_bergs
Coc:6:    layout_cocytus_delve, nicolae_coc_statues_of_limitations
Coc:7:    coc_old
Tar:1:    layout_honeycomb
Tar:2:    layout_grid_maze
Tar:3:    layout_grid_maze
Tar:4:    layout_grid_maze, evilmike_ambush [evilmike_ambush_outer_doors,
          evilmike_ambush_inner_basic]
Tar:5:    layout_cathedral_of_symmetry
Tar:6:    layout_grid_maze
Tar:7:    tar_grunt_cathedral
Zot:1:    layout_onion_interference
Zot:2:    layout_cathedral_of_symmetry, grunt_megastairs_3
Zot:3:    layout_gridville, hangedman_snake_sidewinding, grunt_megastairs_5
Zot:4:    layout_cathedral_of_symmetry
Zot:5:    layout_misc_corridors

Skill      XL: |  1  2  3  4  5  6  7  8  9 10 11 12 13 14 15 16 17 18 19 20 21 22 23 24 25 26 27 |
---------------+----------------------------------------------------------------------------------+-----
Fighting       | 3 4 5 6 7 8 9 11 13 16 18 20 21 22 23 24 25 26 27 | 27.0
Maces & Flails | 2 3 4 5 6 7 8 9 10 12 13 15 16 17 18 19 20 24 | 24.0
Translocations | 3 4 5 6 7 8 9 10 11 13 14 15 16 17 18 19 27 | 27.0
Spellcasting   | 3 4 5 6 8 27 | 27.0
Invocations    | 2 4 5 25 | 25.2
Air Magic      | 2 3 |  3.0
Throwing       | 3 4 5 8 13 15 26 | 26.0
Shields        | 2 4 |  4.0
Armour         | 1 3 4 |  4.0
Transmutations | 3 13 | 13.1
Shapeshifting  | 4 10 14 15 16 17 18 19 20 23 | 23.0
Necromancy     | 2 |  2.0
Evocations     | 4 6 8 22 | 22.1
Dodging        | 5 7 8 21 | 21.2
Fire Magic     | 23 | 23.8
Hexes          | 5 |  5.0
Conjurations   | 12 | 12.4

Action                     |  1- 3 |  4- 6 |  7- 9 | 10-12 | 13-15 | 16-18 | 19-21 | 22-24 | 25-27 || total
---------------------------+-------+-------+-------+-------+-------+-------+-------+-------+-------++-------
  Melee: Mace              |   107 |    74 |       |       |       |       |       |       |       ||   181
         Whip              |       |   232 |       |       |       |       |       |       |       ||   232
         Dagger            |       |    28 |   293 |   166 |       |       |       |       |       ||   487
         Morningstar       |       |       |    35 |   771 |    47 |       |       |       |       ||   853
         Giant club        |       |       |       |       |   806 |   888 |   899 |  1078 |  1650 ||  5321
         Great mace        |       |       |       |       |    15 |       |       |       |       ||    15
         Headbutt          |       |       |       |       |       |       |       |       |    28 ||    28
         Giant spiked club |       |       |       |       |       |       |       |       |  5500 ||  5500
         Kick              |       |       |       |       |       |       |       |       |    61 ||    61
   Fire: Sling             |       |       |     3 |       |       |       |       |       |       ||     3
  Throw: Boomerang         |     2 |     3 |       |     4 |       |       |       |       |       ||     9
         Stone             |     1 |    14 |     3 |       |       |       |       |       |       ||    18
         Dart              |       |       |    13 |     3 |     6 |       |       |       |     1 ||    23
         Javelin           |       |       |       |     3 |       |       |       |       |    31 ||    34
         Large rock        |       |       |       |       |     6 |    21 |       |     3 |   141 ||   171
   Cast: Blink             |       |     4 |     1 |     2 |     6 |       |     2 |     1 |     9 ||    25
         Teleport Other    |       |       |       |    14 |       |     1 |       |     1 |       ||    16
         Manifold Assault  |       |       |       |     1 |   420 |   528 |   441 |   561 |  3697 ||  5648
         Vhi's Electric Ch |       |       |       |     1 |       |     3 |    11 |    11 |    21 ||    47
         Gell's Gravitas   |       |       |       |       |     2 |       |     1 |     2 |       ||     5
         Lesser Beckoning  |       |       |       |       |     1 |       |       |       |       ||     1
         Dispersal         |       |       |       |       |     1 |     2 |     6 |     3 |       ||    12
         Wereblood         |       |       |       |       |       |       |       |     1 |    33 ||    34
         Disjunction       |       |       |       |       |       |       |       |       |    22 ||    22
         Ignition          |       |       |       |       |       |       |       |       |    43 ||    43
         Passage of Golubr |       |       |       |       |       |       |       |       |    18 ||    18
         Fulminant Prism   |       |       |       |       |       |       |       |       |     7 ||     7
         Passwall          |       |       |       |       |       |       |       |       |     3 ||     3
         Apportation       |       |       |       |       |       |       |       |       |     1 ||     1
 Invoke: Heroism           |       |       |     3 |     4 |     1 |     2 |       |       |     3 ||    13
         Finesse           |       |       |       |     3 |     1 |     1 |       |       |     5 ||    10
         Duel              |       |       |       |       |       |     1 |       |       |       ||     1
         Divine Shield     |       |       |       |       |       |       |       |       |    26 ||    26
         Summon Divine War |       |       |       |       |       |       |       |       |     8 ||     8
         Cleansing Flame   |       |       |       |       |       |       |       |       |     5 ||     5
         Brand Weapon With |       |       |       |       |       |       |       |       |     1 ||     1
  Evoke: Wand              |       |       |     2 |    11 |     1 |     3 |       |       |     3 ||    20
         Lightning rod     |       |       |       |       |       |       |       |       |     1 ||     1
    Use: Potion            |       |     3 |       |     3 |     1 |     4 |     1 |       |    65 ||    77
         Scroll            |       |     1 |     7 |     5 |    12 |    17 |     5 |     9 |    36 ||    92
   Stab: Sleeping          |       |       |     2 |       |       |       |       |       |       ||     2
 Armour: Robe              |    50 |    67 |    94 |    79 |   139 |    95 |       |       |       ||   524
         Skin              |       |       |       |    15 |       |   116 |   320 |   350 |  1366 ||  2167
         Troll leather arm |       |       |       |   438 |    97 |       |       |       |       ||   535
  Dodge: Dodged            |    68 |   142 |   133 |   405 |   202 |   245 |   201 |   286 |  1519 ||  3201
  Block: Kite shield       |       |     2 |   150 |   526 |    18 |       |       |       |       ||   696
         Other             |       |       |       |       |       |       |       |       |   146 ||   146
         Form:             |       |       |       |       |       |     2 |       |       |     2 ||     4
         Statue            |       |       |       |       |       |     2 |       |       |     2 ||     4
         Maw               |       |       |       |       |       |     1 |       |       |       ||     1

Table legend: (Time is in decaauts)
 A = Elapsed time spent in this place.
 B = Non-inter-level travel time spent in this place.
 C = Inter-level travel time spent in this place.
 D = Time resting spent in this place.
 E = Time spent auto-exploring this place.
 F = Levels seen in this place.
 G = Mean time per level.
                   A        B        C        D        E       F      G
               +--------+--------+--------+--------+--------+-----+--------+
         Total | 149563 | 131459 |  18104 |  25002 |  65870 | 146 | 1024.4 |
       Dungeon |  29737 |  23499 |   6238 |   5865 |  11541 |  15 | 1982.5 |
          Lair |   8781 |   6858 |   1923 |   1909 |   2952 |   5 | 1756.2 |
        Shoals |   4640 |   4246 |    394 |    414 |   2725 |   4 | 1160.0 |
     Snake Pit |   6165 |   5589 |    576 |   1537 |   2108 |   4 | 1541.2 |
    Slime Pits |   3123 |   2854 |    269 |    522 |   1731 |   5 |  624.6 |
  Orcish Mines |   2282 |   1318 |    964 |    265 |    630 |   2 | 1141.0 |
   Elven Halls |   5989 |   4813 |   1176 |    460 |   2556 |   3 | 1996.3 |
        Vaults |  12787 |  10113 |   2674 |   2136 |   5787 |   5 | 2557.4 |
         Crypt |   4896 |   4295 |    601 |   1018 |   2128 |   3 | 1632.0 |
          Tomb |   4657 |   4310 |    347 |   1322 |   1232 |   3 | 1552.3 |
        Depths |   7878 |   6927 |    951 |   1678 |   3816 |   4 | 1969.5 |
          Hell |   1670 |   1331 |    339 |    346 |    540 |   1 | 1670.0 |
           Dis |   3701 |   3475 |    226 |   1187 |   1032 |   7 |  528.7 |
       Gehenna |   3460 |   3148 |    312 |    163 |   1707 |   7 |  494.3 |
       Cocytus |   2957 |   2648 |    309 |    444 |   1399 |   6 |  492.8 |
      Tartarus |   5550 |   5315 |    235 |   2021 |   1789 |   7 |  792.9 |
           Zot |   7848 |   7284 |    564 |    555 |   5102 |   5 | 1569.6 |
         Abyss |   1450 |   1450 |      0 |      0 |    480 |   4 |  362.5 |
   Pandemonium |  23402 |  23402 |      0 |   1294 |  13740 |  26 |  900.1 |
      Ziggurat |   6385 |   6385 |      0 |   1318 |   2169 |  27 |  236.5 |
      Ice Cave |    730 |    730 |      0 |    104 |    266 |   1 |  730.0 |
    Desolation |   1444 |   1444 |      0 |    426 |    436 |   1 | 1444.0 |
         Arena |     23 |     23 |      0 |      9 |      0 |   1 |   23.0 |
               +--------+--------+--------+--------+--------+-----+--------+

Top non-repeatable levels by time:
Vaults:1: 3082 daAuts
Vaults:4: 2990 daAuts
Depths:2: 2919 daAuts
   Tar:7: 2723 daAuts
    D:11: 2715 daAuts
     D:3: 2714 daAuts
   Elf:3: 2675 daAuts
    D:10: 2666 daAuts
     D:1: 2643 daAuts
Vaults:3: 2388 daAuts
     D:8: 2378 daAuts
   Zot:5: 2308 daAuts
Vaults:2: 2301 daAuts
    D:13: 2181 daAuts
    D:14: 2173 daAuts
